 Dungeon Crawl Stone Soup version 0.24-a0-335-g06ca16af6c (webtiles) character file.

Game seed: 13091035822764408468

1559999 JellyEater the Archmage (level 27, -14/204 HPs)
             Began as a Gargoyle Earth Elementalist on Apr 29, 2019.
             Was the Champion of Vehumet.
             Killed from afar by Wuant the pandemonium lord (17 damage)
             ... with a bolt of cold
             ... on level 27 of a ziggurat on May 20, 2019.
             The game lasted 10:25:13 (104867 turns).

JellyEater the Archmage (GrEE)                    Turns: 104867, Time: 10:25:13

Health: -14/204    AC: 12    Str: 14    XL:     27
Magic:  47/63      EV: 44    Int: 41    God:    Vehumet [******]
Gold:   20948      SH:  0    Dex: 13    Spells: 4/80 levels left

rFire    + + .     SeeInvis .   (weapon currently unavailable)
rCold    + . .     Gourm    .   (shield currently unavailable)
rNeg     + + +     Faith    .   (armour currently unavailable)
rPois    ∞         Spirit   .   (helmet currently unavailable)
rElec    +         Reflect  .   (cloak currently unavailable)
rCorr    .         Harm     .   (gloves currently unavailable)
MR       +++..                  (boots currently unavailable)
Stlth    +++++++++.             T - macabre finger necklace {rN+}
HPRegen  0.84/turn              S - ring of Lugonu's Reproof {rPois rF+ Int+6 Stlth-}
MPRegen  0.38/turn              X - ring of Vatit {rElec rC+ rN+ Int+6 Stlth+}
                                w - ring of Biwnih {Wiz rF+ MP+9 Dex-2}

@: agile, fungus-form (expiring), no potions, flying, very slightly
contaminated, silenced
A: tiny, rugged brown scales 1, clever 1, magic resistance 1, negative energy
resistance 1, regeneration 1, petrification resistance, rot immunity, AC +20
}: 5/15 runes: barnacled, slimy, silver, abyssal, gossamer
a: Renounce Religion


You were on level 27 of a ziggurat.
You worshipped Vehumet.
Vehumet was exalted by your worship.
You were full.
You were a sentient fungus.
You visited 12 branches of the dungeon, and saw 58 of its levels.
You visited the Abyss 1 time.
You visited 1 bazaar.
You visited 4 ziggurats (completing 3), and saw 108 of their levels.
You also visited: Trove, Ice Cave and Wizlab.

You collected 27840 gold pieces.
You spent 6892 gold pieces at shops.

Inventory:

Hand Weapons
 c - the +8 lance "Wyrmbane" {slay drac, rPois rF+ rC+ AC+3}
   (You found it on level 21 of a ziggurat)

   It affects your AC (+3).
   It protects you from fire.
   It protects you from cold.
   It protects you from poison.
 C - a +9 eveningstar of protection
 Z - the +10 eveningstar "Giant's Nightmare" (melded) {freeze, rC+ rN++ Str+4 Int+3}
   (You found it on level 21 of a ziggurat)

   It has been specially enchanted to freeze those struck by it, causing extra
   injury to most foes and up to half again as much damage against particularly
   susceptible opponents.
   It can also slow down cold-blooded creatures.
   It affects your strength (+4).
   It affects your intelligence (+3).
   It protects you from cold.
   It greatly protects you from negative energy.
Missiles
 D - 11 throwing nets (quivered)
 G - 148 silver javelins
Armour
 j - the +4 moon troll leather armour (melded) {Spirit, Regen++ MP+5}
   (You took it off a moon troll in a wizard's laboratory)

   It affects your magic capacity (+5).
   It increases your rate of regeneration.
 o - a +2 pair of gloves of strength (melded)
 p - the +3 crown of Dyrovepreva {rElec Int+2 SInv}
   (You found it on level 25 of a ziggurat)

   It affects your intelligence (+2).
   It insulates you from electricity.
   It lets you see invisible.
 z - the +2 shield of Resistance {rF+ rC+ MR+}
   (You found it on level 20 of a ziggurat)

   It protects you from fire.
   It protects you from cold.
   It affects your resistance to hostile enchantments.
 L - the +2 pair of boots of the Assassin (melded) {Detection Stab+ Stlth++}
   (You found it on level 20 of a ziggurat)

   It makes you much more stealthy.
 M - a +2 hat of magic resistance (melded)
 O - the +2 buckler "Unyc" (melded) {rF+ MR+ Str+3 SInv}
   (You found it on level 23 of a ziggurat)

   It affects your strength (+3).
   It protects you from fire.
   It affects your resistance to hostile enchantments.
   It lets you see invisible.
 V - a +2 cloak of invisibility (melded)
Magical Staves
 k - an uncursed staff of energy
Jewellery
 s - the ring of Interdependent Arising {rF+ Slay+3}
   (You found it in a treasure trove)

   [ring of slaying]

   It affects your accuracy and damage with ranged weapons and melee attacks
   (+3).
   It protects you from fire.
 w - the ring of Biwnih (on amulet) {Wiz rF+ MP+9 Dex-2}
   (You found it on level 7 of a ziggurat)

   [ring of wizardry]

   It improves your spell success rate.
   It affects your dexterity (-2).
   It protects you from fire.
   It affects your magic capacity (+9).
 y - an uncursed ring of resist corrosion
 B - the ring of Vutu {+Inv rF+ Str+6 SInv}
   (You found it on level 20 of a ziggurat)

   [ring of protection from fire]

   It affects your strength (+6).
   It protects you from fire.
   It lets you see invisible.
   It lets you turn invisible.
 S - the ring of Lugonu's Reproof (left hypha) {rPois rF+ Int+6 Stlth-}
   (You found it on level 25 of a ziggurat)

   [ring of protection from fire]

   It affects your intelligence (+6).
   It protects you from fire.
   It protects you from poison.
   It makes you less stealthy.
 T - the macabre finger necklace (around neck) {rN+}
   (You found it on level 17 of a ziggurat)

   [amulet of nothing]

   It protects you from negative energy.
 X - the ring of Vatit (right hypha) {rElec rC+ rN+ Int+6 Stlth+}
   (You found it on level 26 of a ziggurat)

   [ring of positive energy]

   It affects your intelligence (+6).
   It protects you from cold.
   It insulates you from electricity.
   It protects you from negative energy.
   It makes you more stealthy.
Wands
 r - a wand of acid (50)
 J - a wand of digging (8)
Scrolls
 a - 32 scrolls of amnesia
 g - 86 scrolls of remove curse
 h - 6 scrolls of blinking
 m - 65 scrolls of teleportation
 q - 25 scrolls of magic mapping
 A - 18 scrolls of identify
 K - 58 scrolls of fog
 U - 3 scrolls of summoning
 Y - 19 scrolls of holy word
Potions
 b - a potion of invisibility
 e - 7 potions of might
 f - 2 potions of berserk rage
 i - 66 potions of mutation
 t - 4 potions of haste
 u - 4 potions of heal wounds
 v - 7 potions of resistance
 H - 14 potions of curing
 P - 4 potions of cancellation
 R - a potion of ambrosia
 W - 4 potions of brilliance
Miscellaneous
 n - 39 boxes of beasts
 F - 24 phantom mirrors
Comestibles
 d - 93 rations


   Skills:
 O Level 27 Fighting
 + Level 21.8 Maces & Flails
 O Level 27 Throwing
 O Level 27 Armour
 O Level 27 Dodging
 O Level 27 Stealth
 O Level 27 Shields
 O Level 27 Spellcasting
 O Level 27 Conjurations
 - Level 21.0 Hexes
 - Level 20.0 Necromancy
 - Level 17.5 Translocations
 - Level 6.0 Transmutations
 O Level 27 Fire Magic
 O Level 27 Ice Magic
 O Level 27 Earth Magic
 O Level 27 Evocations


You had 4 spell levels left.
You knew the following spells:

 Your Spells              Type           Power        Failure   Level  Hunger
a - Shatter               Erth           ########..   1%          9    None
b - Glaciate              Conj/Ice       ########..   1%          9    None
c - Lee's Rapid Deconstr  Erth           ########..   0%          5    None
d - Ignition              Fire           ########..   1%          8    None
e - Discord               Hex            ########..   1%          8    None
f - Bolt of Fire          Conj/Fire      ########..   0%          6    None
g - Fire Storm            Conj/Fire      ########..   1%          9    None
i - Iron Shot             Conj/Erth      ########..   0%          6    None
j - Controlled Blink      Tloc           N/A          1%          8    None
k - Necromutation         Tmut/Necr      ########..   3%          8    None

Your spell library contained the following spells:

 Spells                   Type           Power        Failure   Level  Hunger
 Chain Lightning          Conj/Air       ########..   1%          8    None
 Animate Skeleton         Necr           N/A          0%          1    None
 Apportation              Tloc           ######       0%          1    None
 Confusing Touch          Hex            ######       0%          1    None
 Corona                   Hex            #######      0%          1    None
 Flame Tongue             Conj/Fire      #####        0%          1    None
 Freeze                   Ice            ####         0%          1    None
 Magic Dart               Conj           ####         0%          1    None
 Pain                     Necr           ####         0%          1    None
 Sandblast                Erth           ######       0%          1    None
 Shock                    Conj/Air       ####         0%          1    None
 Sting                    Conj/Pois      ####         0%          1    None
 Blink                    Tloc           N/A          0%          2    None
 Corpse Rot               Necr           N/A          0%          2    None
 Ensorcelled Hibernation  Hex/Ice        ######       0%          2    None
 Passwall                 Tmut/Erth      ########     0%          2    None
 Searing Ray              Conj           ######       0%          2    None
 Shroud of Golubria       Chrm/Tloc      #######...   0%          2    None
 Slow                     Hex            ########     0%          2    None
 Throw Flame              Conj/Fire      ######       0%          2    None
 Throw Frost              Conj/Ice       ######       0%          2    None
 Confuse                  Hex            ########     0%          3    None
 Conjure Flame            Conj/Fire      ########     0%          3    None
 Dazzling Spray           Conj/Hex       ######       0%          3    None
 Gell's Gravitas          Tloc           ########..   0%          3    None
 Ignite Poison            Fire/Tmut/Pois #######.     0%          3    None
 Inner Flame              Hex/Fire       ########     0%          3    None
 Lesser Beckoning         Tloc           ########..   0%          3    None
 Mephitic Cloud           Conj/Pois/Air  #######.     0%          3    None
 Ozocubu's Armour         Chrm/Ice       ########     0%          3    None
 Portal Projectile        Hex/Tloc       ######       0%          3    None
 Recall                   Summ/Tloc      N/A          0%          3    None
 Regeneration             Chrm/Necr      #######...   0%          3    None
 Spectral Weapon          Hex/Chrm       #######.     0%          3    None
 Static Discharge         Conj/Air       ########     0%          3    None
 Stone Arrow              Conj/Erth      ######       0%          3    None
 Summon Guardian Golem    Hex/Summ       #######.     0%          3    None
 Teleport Other           Tloc           ########     0%          3    None
 Tukima's Dance           Hex            ########     0%          3    None
 Vampiric Draining        Necr           ########..   0%          3    None
 Animate Dead             Necr           N/A          0%          4    None
 Cause Fear               Hex            ########..   0%          4    None
 Force Lance              Conj/Tloc      ########     0%          4    None
 Fulminant Prism          Conj/Hex       ########..   0%          4    None
 Ice Form                 Ice/Tmut       ########     0%          4    None
 Iskenderun's Mystic Bla  Conj           ########     0%          4    None
 Leda's Liquefaction      Hex/Erth       ########..   0%          4    None
 Passage of Golubria      Tloc           N/A          0%          4    None
 Petrify                  Tmut/Erth      ########     0%          4    None
 Sticky Flame             Conj/Fire      ########     0%          4    None
 Summon Ice Beast         Ice/Summ       ########     0%          4    None
 Throw Icicle             Conj/Ice       ########     0%          4    None
 Beastly Appendage        Tmut           ######       1%          1    None
 Infusion                 Chrm           ####         1%          1    None
 Summon Butterflies       Summ           ######..     1%          1    None
 Summon Small Mammal      Summ           ####         1%          1    None
 Call Imp                 Summ           ######..     1%          2    None
 Poisonous Vapours        Pois/Air       ######       1%          2    None
 Song of Slaying          Chrm           ######..     1%          2    None
 Sticks to Snakes         Tmut           #######.     1%          2    None
 Swiftness                Chrm/Air       ######..     1%          2    None
 Call Canine Familiar     Summ           ######..     1%          3    None
 Spider Form              Tmut/Pois      ######....   1%          3    None
 Airstrike                Air            ######....   1%          4    None
 Olgreb's Toxic Radiance  Pois           ######..     1%          4    None
 Summon Lightning Spire   Summ/Air       ######..     1%          4    None
 Agony                    Necr           ########     0%          5    None
 Bolt of Draining         Conj/Necr      ########..   0%          5    None
 Bolt of Magma            Conj/Fire/Erth ########..   0%          5    None
 Borgnjor's Vile Clutch   Necr/Erth      ########..   0%          5    None
 Dispel Undead            Necr           ########     0%          5    None
 Fireball                 Conj/Fire      ########..   0%          5    None
 Irradiate                Conj/Tmut      ########..   0%          5    None
 Metabolic Englaciation   Hex/Ice        ########..   0%          5    None
 Bolt of Cold             Conj/Ice       ########..   0%          6    None
 Darkness                 Hex            ########..   0%          6    None
 Death Channel            Necr           ########..   0%          6    None
 Invisibility             Hex            ########     0%          6    None
 Ozocubu's Refrigeration  Ice            ########..   0%          6    None
 Simulacrum               Ice/Necr       ########..   0%          6    None
 Orb of Destruction       Conj           ########..   0%          7    None
 Alistair's Intoxication  Tmut/Pois      ######..     1%          5    None
 Blade Hands              Tmut           #######...   1%          5    None
 Excruciating Wounds      Chrm/Necr      #######...   1%          5    None
 Iskenderun's Battlesphe  Conj/Chrm      ########     1%          5    None
 Lightning Bolt           Conj/Air       ########..   1%          5    None
 Silence                  Hex/Air        #######...   1%          5    None
 Summon Forest            Summ/Tloc      #######...   1%          5    None
 Summon Mana Viper        Hex/Summ       #######.     1%          5    None
 Venom Bolt               Conj/Pois      ########..   1%          5    None
 Yara's Violent Unravell  Hex/Tmut       ########..   1%          5    None
 Conjure Ball Lightning   Conj/Air       ########..   1%          6    None
 Dispersal                Tloc           ########..   1%          6    None
 Freezing Cloud           Conj/Ice/Air   ########..   1%          6    None
 Hydra Form               Tmut           #######...   1%          6    None
 Poison Arrow             Conj/Pois      ########..   1%          6    None
 Haunt                    Necr/Summ      #######...   1%          7    None
 Ring of Flames           Chrm/Fire      ########..   1%          7    None
 Spellforged Servitor     Conj/Summ      ########..   1%          7    None
 Borgnjor's Revivificati  Necr           ########..   1%          8    None
 Disjunction              Tloc           ########..   1%          8    None
 Infestation              Necr           ########..   1%          8    None
 Lehudib's Crystal Spear  Conj/Erth      ########..   1%          8    None
 Malign Gateway           Summ/Tloc      #######...   2%          7    None
 Aura of Abjuration       Summ           ######....   3%          5    None
 Summon Demon             Summ           ######....   3%          5    None
 Dragon Form              Tmut           #######...   9%          7    None
 Death's Door             Chrm/Necr      #######...   12%         8    None
 Deflect Missiles         Chrm/Air       ######....   17%         6    None
 Shadow Creatures         Summ           N/A          17%         6    None
 Monstrous Menagerie      Summ           ######....   65%         7    None
 Summon Greater Demon     Summ           ######....   65%         7    None
 Summon Hydra             Summ           ######....   65%         7    None
 Summon Horrible Things   Summ           ######....   99%         8    None
 Dragon's Call            Summ           ######....   100%        9    None
 Tornado                  Air            ######....   100%        9    None
 Sublimation of Blood     Necr           Unusable     N/A         2    N/A
 Statue Form              Tmut/Erth      Unusable     N/A         6    N/A

Dungeon Overview and Level Annotations

Branches:
Dungeon (15/15)            Temple (1/1) D:7            Lair (6/6) D:10
 Shoals (4/4) Lair:2       Spider (4/4) Lair:2        Slime (5/5) Lair:5
    Orc (2/2) D:12            Elf (3/3) Orc:2        Vaults (5/5) D:14
  Crypt (3/3) Vaults:3       Tomb (0/3) Crypt:3      Depths (5/5) D:15
    Zot (5/5) Depths:5

Altars:
Ashenzari
Cheibriados
Dithmenos
Elyvilon
Fedhas
Gozag
Hepliaklqana
Kikubaaqudgha
Makhleb
Nemelex Xobeh
Okawaru
Qazlal
Ru
Sif Muna
Trog
Uskayaw
Vehumet
Wu Jian
Xom
Yredelemnul
Zin
The Shining One
Jiyva
Lugonu

Shops:
D:6 *   D:9 [   D:11 [   D:13 (   Orc:1 ?   Orc:2 *?}?*   Elf:2 [   Elf:3 }}=
Shoals:2 [   Vaults:2 ![[   Depths:1 **

Portals:
Hell: Depths:1 Depths:2 Depths:3 Depths:4 Depths:5
Abyss: Depths:2 Depths:3 Depths:4
Pandemonium: Depths:3

Annotations:
Elf:2 5 runed translucent doors
Zot:3 1 transporter


Innate Abilities, Weirdness & Mutations

You are resistant to torment.
((Your stone body is resilient. (AC +20)))
You are immune to poison.
((Your large and strong wings let you fly indefinitely.))
You resist negative energy. (rN+)
((You are resistant to electric shocks. (rElec)))
((You can survive without breathing.))
You are immune to petrification.
You are immune to rotting.
(You are partially covered in rugged brown scales. (AC +1, +3% HP))
Your mind is acute. (Int +2)
You are resistant to hostile enchantments. (MR+)
Your natural rate of healing is unusually fast.


Message History

Aim: Tatur, armed with a flaming touch (thunder, silenced, lightly wounded, chance to confuse on hit: 16%) Nothing appears to happen.
You feel a little less mighty now.
The goblin disappears in a puff of smoke!
The Ice Fiend is engulfed in blazing flames.
A two-headed ogre comes into view.
The Brimstone Fiend is engulfed in acidic fog.
The Brimstone Fiend is splashed with acid.
The apocalypse crab is engulfed in freezing vapours.
The apocalypse crab completely misses you. x2
Something closely misses you.
The apocalypse crab is engulfed in freezing vapours.
The apocalypse crab completely misses you. x2
Afioril is engulfed in freezing vapours.
The shadow dragon is engulfed in blazing flames.
Wuant is struck by lightning.
Wuant gestures at you.
The bolt of cold hits the apocalypse crab!
The apocalypse crab resists.
The bolt of cold hits you! You resist.
You die...

▓▓.......
▓▓.§§.....
▓▓.§§§....§
▓▓.§§§#.....p
▓▓.§§§§§.○..†.
▓▓1§§§§§§....§.
▓▓bbc§§§§§......†
▓▓b.b21§§§§....§.&
▓Hbf&D&t§§§.).).&.
▓▓ttttT§§§O..vv..&
▓▓bG&§§§§§..v)†.†
▓▓§§§§§§§.)&&○.v
▓▓§§§§§§..v)°))
▓▓§§{§§.).v°.p
▓▓§§§§.pC.†).
▓▓§§§....).p
▓▓.........


You could see Afioril, Tatur, Wuant, a shadow dragon shaped shifter, a Brimstone
Fiend, an Ice Fiend, an iron troll, a satyr shaped shifter, a shining eye shaped
shifter, a two-headed ogre (wandering), 5 apocalypse crabs, a hellion and a
friendly primal oxshock beast.

Vanquished Creatures
  the Royal Jelly (Slime:5)
  4 orbs of fire
  52 ancient liches
  The ghost of Itunn the Executioner, a legendary FoFi of Okawaru (Depths:1)
  The ghost of Itunn the Executioner, a legendary FoFi of Okawaru (Depths:1)
  23 juggernauts
  The ghost of Rodef the Warrior, a veteran GrFi of the Shining One (Crypt:1)
  28 greater mummies
  29 Killer Klowns
  5 shard shrikes
  The ghost of Sudaz the Slayer, a veteran MiGl of Okawaru (Vaults:2)
  15 caustic shrikes
  5 curse toes
  70 golden dragons
  Nikola (Vaults:1)
  50 pandemonium lords
  Jory (Crypt:3)
  11 profane servitors
  3 pearl dragons (Zig:12)
  49 bone dragons
  7 doom hounds (Zig:27)
  23 Tzitzimimeh
  20 iron giants
  38 Brimstone Fiends
  2 hellephants
  3 electric golems
  A moon troll (WizLab)
  31 Hell Sentinels
  68 tentacled monstrosities
  A shard shrike skeleton (Crypt:1)
  The ghost of Tytil the Champion of Chaos, an adept DDFi of Makhleb (Depths:1)
  27 quicksilver dragons
  48 liches
  32 deep elf blademasters
  23 Ice Fiends
  25 Orb Guardians (Zot:5)
  2 krakens (Shoals:3)
  17 sphinxes
  31 Executioners
  43 deep elf master archers
  An acid blob (shapeshifter) (Zig:15)
  10 death cobs
  The ghost of Armakuni the Bringer of Light, an adept HuMo of the Shining One (Elf:3)
  39 ancient champions
  Gastronok (D:9)
  42 titans
  99 acid blobs
  A storm dragon (shapeshifter) (Zig:27)
  5 thorn hunters
  45 tentacled starspawn
  29 storm dragons
  22 draconian monks
  7 tengu reavers
  Donald (Slime:5)
  42 revenants
  Roxanne (Elf:3)
  4 shadow dragons (shapeshifter) (Zig:27)
  30 shadow dragons
  The ghost of xsansara the Warrior, a journeyman HOBe of Trog (D:15)
  8 daevas
  A fire giant (shapeshifter) (Zig:10)
  23 blood saints
  27 fire giants
  27 draconian knights
  An azure jelly (shapeshifter) (Zig:27)
  27 iron dragons
  34 azure jellies
  86 nagarajas
  49 ghost moths
  24 vault wardens
  11 caustic shrike zombies
  Aizul (Shoals:4)
  27 orc warlords
  2 frost giants (shapeshifter) (Zig:27)
  11 juggernaut zombies
  24 emperor scorpions
  22 frost giants
  38 draconian scorchers
  23 warmongers
  12 deep elf sorcerers
  32 curse skulls
  8 deep elf elementalists
  27 black suns
  17 ghouls
  8 angels
  47 balrugs
  42 draconian annihilators
  Louise (Shoals:2)
  27 draconian stormcallers
  9 caustic shrike skeletons
  28 cacodemons
  4 spriggan defenders
  23 war gargoyles
  28 ironheart preservers
  13 juggernaut skeletons
  32 draconian shifters
  50 entropy weavers
  43 stone giants
  85 reapers
  A stone giant (shapeshifter) (Zig:27)
  Nessos (D:15)
  8 bennus
  2 ophanim
  60 very ugly things
  28 black draconians
  46 vampire knights
  46 corrupters
  12 spark wasps
  3 apis (Zig:12)
  16 lorocyprocas
  26 yellow draconians
  80 starcursed masses
  19 green draconians
  32 deep elf demonologists
  19 white draconians
  5 dire elephants (Zig:25)
  A spectral titan (Zig:8)
  A dire elephant (shapeshifter) (Zig:10)
  26 purple draconians
  21 red draconians
  36 deep elf annihilators
  25 merfolk javelineers
  Azrael (D:15)
  10 crystal guardians
  Josephine (Orc:1)
  Snorg (Lair:4)
  36 eidola
  34 blizzard demons
  18 fire dragons
  31 ettins
  18 merfolk impalers
  52 green deaths
  17 death oozes
  18 mummy priests
  16 jiangshi
  30 deep elf death magi
  24 ogre magi
  4 quicksilver dragon zombies
  34 yaktaur captains
  3 monstrous demonspawn (Zig:26)
  41 deep elf high priests
  44 rakshasas
  22 great orbs of eyes
  26 ice dragons
  50 hydras
  44 vault guards
  A hydra (shapeshifter) (Zig:16)
  12 hell beasts
  A quicksilver dragon skeleton (Zig:27)
  13 naga warriors
  4 spriggan air magi
  An alligator snapping turtle (shapeshifter) (Zig:15)
  23 shambling mangroves
  7 ghost crabs
  11 centaur warriors
  3 merfolk avatars
  Erica (Orc:1)
  7 catoblepae
  63 dancing weapons
  11 death yaks (Lair:6)
  10 merfolk aquamancers
  48 two-headed ogres
  10 alligator snapping turtles
  6 satyrs
  14 anacondas
  14 death knights
  15 alligators
  22 shock serpents
  2 two-headed ogres (shapeshifter)
  42 small abominations
  53 vampire magi
  16 hell hogs
  30 orc high priests
  8 spriggan berserkers
  5 deep troll earth magi
  4 tengu warriors
  11 death scarabs
  3 shock serpents (shapeshifter)
  5 deep troll shamans
  2 queen ants (shapeshifter)
  17 soul eaters
  7 iron golems
  28 hell knights
  36 thrashing horrors
  11 titan zombies
  18 naga sharpshooters
  64 deep elf knights
  14 titan skeletons
  6 storm dragon zombies
  3 sun demons
  25 shadow wraiths
  A death drake (shapeshifter) (Zig:20)
  2 fire crabs (shapeshifter)
  21 spatial maelstroms
  17 iron trolls
  11 salamander mystics
  38 skeletal warriors
  9 storm dragon skeletons
  41 wretched stars
  A cherub (Zig:12)
  9 unseen horrors
  39 flayed ghosts
  15 sea snakes
  A spectral anaconda (Crypt:1)
  12 sixfirhies
  18 golden dragon zombies
  An infernal demonspawn (Zig:19)
  4 torturous demonspawn
  31 death drakes
  A quicksilver dragon simulacrum (Crypt:1)
  An unseen horror (shapeshifter) (Depths:3)
  2 gelid demonspawn
  21 shadow demons
  27 deep trolls
  3 wizards
  42 swamp dragons
  A spectral iron dragon (Crypt:1)
  9 naga ritualists
  22 glowing orange brains
  An anaconda zombie (Crypt:3)
  2 glowing orange brains (shapeshifter)
  9 orange crystal statues
  11 obsidian statues
  30 phantasmal warriors
  3 golden dragon skeletons
  2 harpies (shapeshifter)
  30 harpies
  45 deep elf archers
  22 orc knights
  22 ironbrand convokers
  8 spriggan druids
  A lindwurm (shapeshifter) (Vaults:1)
  54 ugly things
  12 necromancers
  An orb spider (shapeshifter) (Zig:14)
  10 sphinx zombies
  160 deep elf magi
  A mana viper (shapeshifter) (Zig:27)
  A spectral wolf spider (Crypt:1)
  2 shining eyes (shapeshifter)
  14 iron dragon zombies
  66 wolf spiders
  2 wolf spiders (shapeshifter)
  8 tengu skeletons
  47 orb spiders
  10 shadow dragon zombies
  30 shining eyes
  2 wolf spider zombies (D:14)
  2 spectral ettins (Crypt:1)
  15 mana vipers
  10 shadow dragon skeletons
  3 oklob plants
  2 manticores (shapeshifter)
  18 orc sorcerers
  31 fauns
  5 sphinx skeletons
  6 worldbinders
  12 cyclopes
  18 salamanders
  2 salamanders (shapeshifter)
  3 frost giant zombies
  26 manticores
  3 cyclopes (shapeshifter)
  70 moths of wrath
  A glowing shapeshifter (Zig:23)
  4 frost giant skeletons
  3 human skeletons
  2 stone giant skeletons
  29 torpor snails
  13 merfolk sirens
  46 guardian serpents
  A moth of wrath (shapeshifter) (Zig:23)
  10 spriggan zombies
  A toenail golem (Zig:10)
  24 elephants
  A guardian serpent (shapeshifter) (Vaults:1)
  14 iron dragon skeletons
  21 naga magi
  3 black mambas (shapeshifter)
  18 water nymphs
  An eye of devastation (shapeshifter) (D:15)
  66 black mambas
  18 apocalypse crabs
  3 storm dragon simulacra
  7 ice statues
  30 rust devils
  51 smoke demons
  30 spiny frogs
  24 eyes of devastation
  3 gargoyles
  4 water nymphs (shapeshifter)
  28 vault sentinels
  9 efreet
  7 spriggan skeletons
  3 catoblepas zombies
  4 human zombies
  3 spiny frogs (shapeshifter)
  11 orange demons
  36 demonic crawlers
  55 tormentors
  45 hellions
  67 yaktaurs
  A kobold demonologist (Zig:23)
  2 komodo dragons (shapeshifter)
  A rime drake (shapeshifter) (Vaults:2)
  A spectral human (Zig:8)
  A purple draconian zombie (Crypt:3)
  12 rime drakes
  30 ice devils
  40 freezing wraiths
  12 komodo dragons
  2 yaktaurs (shapeshifter)
  A white draconian skeleton (Crypt:2)
  4 golden dragon simulacra
  An anaconda simulacrum (IceCv)
  33 ancient zymes
  18 red devils
  2 tengu conjurers
  3 meliai (D:15)
  A troll (shapeshifter) (Zig:17)
  A hydra zombie (Crypt:3)
  6 tyrant leeches
  13 hellwings
  A polar bear (Zig:25)
  A merfolk (shapeshifter) (Zig:23)
  49 merfolk
  A queen bee (shapeshifter) (Vaults:5)
  3 silent spectres (Zig:27)
  10 wind drakes
  47 guardian mummies
  A harpy zombie (Crypt:1)
  83 jumping spiders
  A wind drake (shapeshifter) (Zig:23)
  A queen bee (Depths:4)
  23 trolls
  2 tengu simulacra
  76 hornets
  3 jumping spiders (shapeshifter)
  A blink frog (shapeshifter) (Zig:10)
  A hippogriff (shapeshifter) (Zig:20)
  18 bog bodies
  A guardian serpent zombie (Crypt:1)
  3 slime creatures (shapeshifter)
  41 raiju
  160 slime creatures
  13 blink frogs
  Grinder (D:6)
  An iron dragon simulacrum (Crypt:1)
  A raiju (shapeshifter) (Vaults:2)
  16 snapping turtles
  15 hippogriffs
  2 dream sheep (shapeshifter) (Zig:23)
  22 dream sheep
  2 snapping turtles (shapeshifter)
  A fire giant simulacrum (Crypt:3)
  22 air elementals
  113 large abominations
  A shock serpent simulacrum (Crypt:1)
  A shapeshifter (Zig:8)
  3 redbacks (shapeshifter)
  25 ynoxinuls
  31 flying skulls
  2 centaur simulacra
  20 spriggans
  36 wraiths
  An elf simulacrum (Zig:17)
  2 spriggans (shapeshifter)
  11 wyverns
  140 redbacks
  A tarantella (shapeshifter) (Zig:20)
  58 tarantellas
  5 basilisks
  43 water elementals
  19 shadows
  18 ushabtiu
  A wind drake zombie (Crypt:2)
  3 dire elephant simulacra
  21 fire elementals
  28 vampires
  24 golden eyes
  57 yaks
  5 hungry ghosts
  A black mamba skeleton (Crypt:2)
  3 fire bats (Abyss:5)
  9 steam dragons
  A yak (shapeshifter) (Depths:4)
  2 hogs (D:11)
  A human (D:11)
  A steam dragon (shapeshifter) (D:15)
  40 chaos spawn
  14 vampire mosquitoes
  32 neqoxecs
  A gelid demonspawn zombie (Crypt:2)
  27 elf skeletons
  3 swamp worms (shapeshifter)
  2 harpy simulacra (IceCv)
  6 spatial vortices
  3 insubstantial wisps
  A two-headed ogre zombie (Crypt:1)
  13 wargs
  2 iron troll simulacra (IceCv)
  An acid dragon (shapeshifter) (Vaults:1)
  An infernal demonspawn zombie (Crypt:1)
  19 nagas
  6 hydra simulacra (IceCv)
  A deep troll zombie (Vaults:3)
  11 floating eyes
  10 acid dragons
  A torturous demonspawn zombie (Crypt:3)
  A floating eye (shapeshifter) (Zig:27)
  9 porcupines
  19 hell hounds
  A monstrous demonspawn skeleton (Crypt:2)
  14 water moccasins
  A torturous demonspawn skeleton (Crypt:1)
  2 deep troll skeletons
  A swamp dragon zombie (Crypt:3)
  14 ice beasts
  A snapping turtle zombie (Crypt:2)
  61 orc warriors
  5 phantoms
  43 elf zombies
  6 sky beasts
  15 swamp drakes
  4 black bears
  Purgy (D:4)
  27 eyes of draining
  A black mamba simulacrum (Crypt:1)
  An eye of draining (shapeshifter) (Zig:12)
  73 ogres
  An ettin simulacrum (Crypt:1)
  18 necrophages
  15 boggarts
  A spriggan simulacrum (Zig:5)
  26 centaurs
  8 wolves
  A dream sheep skeleton (Crypt:3)
  An elephant zombie (Crypt:1)
  21 crocodiles
  A rime drake skeleton (Crypt:2)
  21 earth elementals
  A gnoll sergeant (D:9)
  12 bullfrogs
  A hippogriff skeleton (Crypt:2)
  3 wyvern skeletons
  A raiju zombie (Crypt:3)
  3 scorpions
  28 killer bees
  A troll zombie (Crypt:2)
  3 human simulacra
  3 howler monkeys
  7 wights
  An electric eel (Spider:1)
  8 crimson imps
  2 hounds
  2 bullfrog zombies
  A wolf skeleton (Crypt:3)
  2 draconian simulacra (IceCv)
  4 centaur zombies
  7 centaur skeletons
  4 jellies
  24 orc priests
  22 iron imps
  2 bullfrog skeletons
  Jessica (D:2)
  5 iguanas
  A basilisk skeleton (Crypt:3)
  Natasha (thrice) (D:2)
  28 orc wizards
  14 worker ants
  2 polar bear simulacra (IceCv)
  A statue (D:7)
  A wolf simulacrum (IceCv)
  3 troll simulacra (IceCv)
  14 tengu zombies
  A felid skeleton (Crypt:3)
  A hound zombie (D:9)
  A hound skeleton (D:4)
  67 mummies
  A naga simulacrum (IceCv)
  8 gnolls
  12 adders
  2 ogre simulacra (IceCv)
  9 shadow imps
  18 white imps
  6 ufetubi (IceCv)
  An ooze (D:4)
  An adder zombie (D:9)
  4 worms
  2 worm zombies (Crypt:1)
  2 adder skeletons
  3 leopard geckos
  111 orcs
  6 giant cockroaches
  10 hobgoblins
  11 jackals
  2 quokkas
  A ball python (D:2)
  A ball python skeleton (D:6)
  8 bats
  5 frilled lizards
  14 goblins
  A hobgoblin skeleton (Crypt:2)
  11 kobolds
  A leopard gecko skeleton (D:5)
  An orc skeleton (Crypt:2)
  An orc zombie (Crypt:2)
  A quokka skeleton (D:7)
  9 rats
  322 blocks of ice
  50 briar patches
  2 bushes (Lair:6)
  9 crawling corpses
  302 fire vortices
  7 fungi (Lair:6)
  A lurking horror (Abyss:5)
  20 plants
  35 starspawn tentacles
  2 tentacles (Shoals:3)
9302 creatures vanquished.

Vanquished Creatures (collateral kills)
  2 golden dragons (Zig:18)
  A Tzitzimitl (Zig:22)
  2 acid blobs
  A sphinx (Zig:3)
  2 storm dragons (Zig:18)
  3 azure jellies
  A ghost moth (Zig:23)
  A balrug (Zig:24)
  A cacodemon (Zig:24)
  A very ugly thing (Zig:10)
  A blood saint (Zig:24)
  A corrupter (Zig:19)
  A deep elf annihilator (Zig:5)
  4 green deaths (Zig:24)
  3 fire dragons (Zig:18)
  A great orb of eyes (Zig:17)
  5 ice dragons (Zig:18)
  2 hell beasts (Zig:24)
  A death yak (Zig:25)
  A thrashing horror (Zig:10)
  A sun demon (Zig:24)
  4 sixfirhies (Zig:24)
  A torturous demonspawn (Zig:24)
  A swamp dragon (Zig:18)
  2 starcursed masses
  A gelid demonspawn (Zig:24)
  3 shadow demons (Zig:24)
  A deep elf archer (Elf:3)
  A rust devil (Zig:24)
  An apocalypse crab (Zig:20)
  A rime drake (Zig:18)
  A hellion (Zig:24)
  An orange demon (Zig:24)
  2 elf skeletons
  2 hellwings (Zig:24)
  A red devil (Zig:24)
  3 slime creatures
  3 large abominations
  A redback (Lair:2)
  A ynoxinul (Zig:17)
  A wyvern (Zig:18)
  A neqoxec (Zig:24)
  An acid dragon (Zig:18)
  A floating eye (shapeshifter) (Zig:20)
  A floating eye (Zig:12)
  A swamp drake (Zig:18)
  An eye of draining (Zig:10)
  A crocodile (Zig:25)
  A block of ice (Zig:1)
76 creatures vanquished.

Vanquished Creatures (others)
  2 Killer Klowns (Zig:27)
  2 pandemonium lords
  A golden dragon (Zig:21)
  3 Executioners
  An eldritch tentacle (Zig:27)
  2 storm dragons (Zig:18)
  A cacodemon (Zig:22)
  8 warmongers (Zig:24)
  2 reapers (Zig:24)
  2 blood saints (Zig:24)
  A corrupter (Zig:24)
  2 lorocyprocas
  2 black suns (Zig:24)
  A deep elf annihilator (Zig:15)
  A blizzard demon (Zig:24)
  A green death (Zig:21)
  An ice dragon (Zig:18)
  3 hell beasts (Zig:24)
  A merfolk aquamancer (Shoals:2)
  A dancing weapon (Zig:22)
  A death yak (Lair:6)
  An orc high priest (Zig:3)
  A shock serpent (Zig:26)
  A spatial maelstrom (Zig:23)
  A sixfirhy (Zig:24)
  A shadow demon (Zig:24)
  2 death drakes
  A torturous demonspawn (Zig:24)
  A wizard (Vaults:1)
  A swamp dragon (Zig:18)
  4 deep elf magi
  A worldbinder (Zig:23)
  An eye of devastation (Zig:25)
  2 smoke demons (Zig:24)
  2 orange demons (Zig:24)
  A hellion (Zig:24)
  A rime drake (Zig:18)
  An ice devil (Zig:24)
  A tormentor (Zig:24)
  2 red devils (Zig:24)
  A slime creature (Zig:21)
  A tarantella (Spider:4)
  A redback (Lair:2)
  2 water elementals
  2 ynoxinuls (Zig:24)
  A golden eye (Zig:24)
  2 neqoxecs (Zig:24)
  A chaos spawn (Zig:15)
  A steam dragon (Zig:13)
  An insubstantial wisp (Zig:19)
  An acid dragon (Zig:18)
  A hell hound (Zig:24)
  A small abomination (Zig:24)
  A swamp drake (Zig:18)
  A boggart (Depths:4)
  177 blocks of ice
  427 fire vortices
  25 fungi
  73 plants
  34 starspawn tentacles
  6 tentacles (Shoals:3)
  4 withered plants (Depths:1)
829 creatures vanquished.

Grand Total: 10207 creatures vanquished

Notes
Turn   | Place    | Note
-------+----------+-------------------------------------------
     0 | D:1      | JellyEater the Gargoyle Earth Elementalist began the quest
                  | for the Orb.
     0 | D:1      | Reached XP level 1. HP: 10/10 MP: 3/3
   280 | D:1      | Reached XP level 2. HP: 7/15 MP: 1/5
   693 | D:1      | Reached XP level 3. HP: 9/19 MP: 4/6
  1232 | D:1      | Learned a level 3 spell: Stone Arrow
  1624 | D:2      | Noticed Natasha
  1635 | D:2      | Reached XP level 4. HP: 23/24 MP: 8/8
  1644 | D:2      | Reached skill level 1 in Conjurations
  1651 | D:2      | Killed Natasha
  1756 | D:2      | Noticed Natasha
  1759 | D:2      | Noticed Jessica
  1763 | D:2      | Killed Jessica
  1763 | D:2      | Reached skill level 5 in Earth Magic
  1766 | D:2      | Killed Natasha
  1766 | D:2      | Reached XP level 5. HP: 20/28 MP: 4/10
  1773 | D:2      | Learned a level 5 spell: Lee's Rapid Deconstruction
  2439 | D:2      | Noticed Natasha
  2444 | D:2      | Killed Natasha
  2666 | D:3      | Reached XP level 6. HP: 21/32 MP: 5/11
  2966 | D:3      | Found a sacrificial altar of Ru.
  3097 | D:3      | Learned a level 3 spell: Mephitic Cloud
  3230 | D:4      | Found a burning altar of Makhleb.
  3230 | D:4      | Noticed a blizzard demon
  3236 | D:4      | Noticed Purgy
  3246 | D:4      | Killed Purgy
  3293 | D:4      | Reached XP level 7. HP: 36/36 MP: 7/13
  3331 | D:4      | Gained mutation: Your flesh is heat resistant. (rF+)
                  | [potion of mutation]
  3331 | D:4      | Gained mutation: You are covered in fur. (AC +1) [potion of
                  | mutation]
  3331 | D:4      | Gained mutation: You are partially covered in large bone
                  | plates. (SH +4) [potion of mutation]
  3763 | D:5      | Entered Level 5 of the Dungeon
  3774 | D:5      | Reached skill level 5 in Spellcasting
  3880 | D:5      | Reached skill level 5 in Conjurations
  3880 | D:5      | Reached XP level 8. HP: 41/41 MP: 11/15
  3913 | D:5      | Found a blossoming altar of Fedhas.
  4416 | D:6      | Found a deep blue altar of Sif Muna.
  4727 | D:6      | Found a white marble altar of Elyvilon.
  4732 | D:6      | Found Ajium's Mayhem Merchandise.
  4889 | D:6      | Noticed Grinder
  4894 | D:6      | Paralysed by Grinder for 5 turns
  4902 | D:6      | Killed Grinder
  5393 | D:6      | Found a glowing golden altar of the Shining One.
  5728 | D:7      | Reached skill level 1 in Fighting
  5728 | D:7      | Reached skill level 1 in Armour
  5728 | D:7      | Reached skill level 1 in Evocations
  5728 | D:7      | Reached XP level 9. HP: 47/47 MP: 16/18
  5731 | D:7      | Reached skill level 1 in Maces & Flails
  5741 | D:7      | Found a staircase to the Ecumenical Temple.
  5750 | Temple   | Entered the Ecumenical Temple
  6046 | D:7      | Found a radiant altar of Vehumet.
  6055 | D:7      | Became a worshipper of Vehumet
  6131 | D:7      | Found a shimmering altar of Xom.
  6672 | D:8      | Noticed a two-headed ogre
  6811 | D:8      | Killed a two-headed ogre
  6811 | D:8      | Reached XP level 10. HP: 40/56 MP: 0/20
  6966 | D:8      | Noticed a two-headed ogre
  7075 | D:8      | Found an opulent altar of Gozag.
  7171 | D:8      | Killed a two-headed ogre
  7354 | D:8      | Found a basalt altar of Yredelemnul.
  7636 | D:8      | Reached * piety under Vehumet
  7636 | D:8      | Offered knowledge of Shock by Vehumet.
  7811 | D:9      | Noticed an eight-headed hydra
  7819 | D:9      | Killed an eight-headed hydra
  8105 | D:9      | Noticed Gastronok
  8393 | D:9      | Found Hon Zoud's Antique Armour Shoppe.
  8406 | D:9      | Bought a pair of embroidered gloves for 165 gold pieces
  8461 | D:9      | Reached XP level 11. HP: 61/62 MP: 9/21
  8539 | D:9      | Offered knowledge of Throw Frost by Vehumet.
  8623 | D:9      | Found the +8 demon blade "Bloodbane" {slice, *Rage +Rage
                  | Stlth-}
  8629 | D:9      | Reached ** piety under Vehumet
  8728 | D:9      | Killed Gastronok
  8728 | D:9      | Reached skill level 5 in Fighting
  8728 | D:9      | Reached skill level 5 in Armour
  8728 | D:9      | Reached skill level 10 in Earth Magic
  8819 | D:10     | Entered Level 10 of the Dungeon
  8907 | D:10     | Killed an unseen horror
  9177 | D:10     | Found a staircase to the Lair.
  9289 | D:10     | Reached skill level 5 in Maces & Flails
  9627 | D:10     | Offered knowledge of Searing Ray by Vehumet.
 10234 | D:11     | Noticed a cyclops
 10241 | D:11     | Killed a cyclops
 10281 | D:11     | Killed an unseen horror
 10281 | D:11     | Reached *** piety under Vehumet
 10281 | D:11     | Reached skill level 5 in Dodging
 10281 | D:11     | Reached skill level 5 in Evocations
 10281 | D:11     | Reached XP level 12. HP: 30/70 MP: 22/24
 10998 | D:11     | Noticed a two-headed ogre
 11003 | D:11     | Killed a two-headed ogre
 11135 | D:11     | Found Fuos's Armour Shop.
 11478 | D:11     | Offered knowledge of Olgreb's Toxic Radiance by Vehumet.
 12160 | D:12     | Reached **** piety under Vehumet
 12190 | D:12     | Offered knowledge of Sticky Flame by Vehumet.
 12734 | D:12     | Found a staircase to the Orcish Mines.
 12990 | D:13     | Found Varyucra's Weapon Emporium.
 13212 | D:13     | Reached XP level 13. HP: 75/76 MP: 20/25
 13544 | D:14     | Noticed a vault guard
 13556 | D:14     | Killed a vault guard
 13556 | D:14     | Reached skill level 10 in Conjurations
 13564 | D:14     | Noticed a vault guard
 13564 | D:14     | Noticed a vault guard
 13569 | D:14     | Noticed a vault guard
 13570 | D:14     | Killed a vault guard
 13571 | D:14     | Noticed a vault guard
 13578 | D:14     | Killed a vault guard
 13580 | D:14     | Killed a vault guard
 13580 | D:14     | Killed a vault guard
 13580 | D:14     | Reached ***** piety under Vehumet
 13792 | D:14     | Offered knowledge of Iskenderun's Battlesphere by Vehumet.
 14104 | D:14     | Noticed a vault guard
 14221 | D:14     | Killed a vault guard
 14292 | D:14     | Found a gate to the Vaults.
 14632 | D:14     | Noticed a vault guard
 14655 | D:14     | Killed a vault guard
 14960 | D:14     | Noticed a vault guard
 14970 | D:14     | Killed a vault guard
 15411 | D:14     | Found a shimmering altar of Xom.
 15412 | D:14     | Found the +7 mace of Variability {chain chaos}
 15535 | Lair:1   | Entered Level 1 of the Lair of Beasts
 15673 | Lair:1   | Gained mutation: Your large and strong wings let you fly
                  | indefinitely. [Gargoyle growth]
 15673 | Lair:1   | Reached XP level 14. HP: 61/84 MP: 27/27
 15779 | Lair:1   | You are sucked into a shaft!
 15960 | Lair:1   | Got a crude rapier
 15961 | Lair:1   | Identified the cursed +1 rapier of Mandamus {speed, Dex+4}
                  | (You found it on level 1 of the Lair of Beasts)
 16892 | Lair:2   | Found a staircase to the Shoals.
 17068 | Lair:2   | Found a hole to the Spider Nest.
 17090 | Lair:2   | Offered knowledge of Irradiate by Vehumet.
 17097 | Lair:2   | Learned a level 5 spell: Irradiate
 18090 | Lair:3   | Reached skill level 10 in Spellcasting
 18966 | Lair:4   | Noticed Snorg
 18971 | Lair:4   | Killed Snorg
 19840 | Lair:5   | Found a viscous altar of Jiyva.
 19841 | Lair:5   | Found a staircase to the Slime Pits.
 20141 | Lair:5   | Identified a scroll of acquirement
 20367 | D:6      | Bought a book of Fire for 650 gold pieces
 20367 | D:6      | Bought a book of the Tempests for 700 gold pieces
 20374 | D:6      | Learned a level 5 spell: Fireball
 20381 | D:6      | Learned a level 6 spell: Bolt of Fire
 20593 | Lair:6   | Entered Level 6 of the Lair of Beasts
 20653 | Lair:6   | Reached skill level 1 in Fire Magic
 21512 | Lair:6   | Reached skill level 10 in Fighting
 21807 | Lair:6   | Found a blossoming altar of Fedhas.
 21844 | Lair:6   | Reached XP level 15. HP: 78/92 MP: 29/29
 21845 | Lair:6   | Reached XP level 16. HP: 83/97 MP: 30/30
 23381 | Lair:6   | Offered knowledge of Bolt of Magma by Vehumet.
 23410 | Lair:6   | Learned a level 5 spell: Bolt of Magma
 24260 | Orc:1    | Entered Level 1 of the Orcish Mines
 24269 | Orc:1    | Noticed Josephine
 24330 | Orc:1    | Killed Josephine
 24581 | D:12     | Got a bloodstained spear
 24582 | D:12     | Identified the +6 spear "Imesm" {freeze, Dex+7 Stlth+} (You
                  | found it on level 12 of the Dungeon)
 24989 | Orc:1    | Noticed Erica
 25019 | Orc:1    | Killed Erica
 25169 | Orc:1    | Found a bloodstained altar of Trog.
 25268 | Orc:1    | Found Houfeh's Magic Scroll Shop.
 25300 | Orc:1    | Bought a scroll of acquirement for 676 gold pieces
 25308 | Orc:1    | Bought a scroll of identify for 26 gold pieces
 25308 | Orc:1    | Bought a scroll of identify for 26 gold pieces
 25308 | Orc:1    | Bought a scroll of identify for 26 gold pieces
 25308 | Orc:1    | Bought a scroll of identify for 26 gold pieces
 25308 | Orc:1    | Bought a scroll of fear for 45 gold pieces
 25308 | Orc:1    | Bought a scroll of identify for 26 gold pieces
 25308 | Orc:1    | Bought a scroll of magic mapping for 45 gold pieces
 25308 | Orc:1    | Bought a scroll of teleportation for 39 gold pieces
 25308 | Orc:1    | Bought a scroll of remove curse for 39 gold pieces
 25561 | Orc:2    | Entered Level 2 of the Orcish Mines
 25674 | Orc:2    | Found Dibusit's Gadget Shoppe.
 25674 | Orc:2    | Found Naabi's Magic Scroll Shop.
 25675 | Orc:2    | Found Plog's General Store.
 25675 | Orc:2    | Found Seqeohul's Magic Scroll Shoppe.
 25685 | Orc:2    | Offered knowledge of Bolt of Cold by Vehumet.
 25685 | Orc:2    | Reached skill level 10 in Maces & Flails
 25779 | Orc:2    | Bought a scroll of identify for 26 gold pieces
 25779 | Orc:2    | Bought a scroll of identify for 26 gold pieces
 25779 | Orc:2    | Bought a scroll of identify for 26 gold pieces
 25779 | Orc:2    | Bought a scroll of vulnerability for 97 gold pieces
 25779 | Orc:2    | Bought a scroll of teleportation for 39 gold pieces
 25779 | Orc:2    | Bought 2 scrolls of enchant weapon for 195 gold pieces
 25782 | Orc:2    | Bought a scroll of enchant armour for 120 gold pieces
 25782 | Orc:2    | Bought a scroll of brand weapon for 320 gold pieces
 25782 | Orc:2    | Bought a scroll of amnesia for 56 gold pieces
 25782 | Orc:2    | Bought a scroll of identify for 32 gold pieces
 25782 | Orc:2    | Bought a scroll of identify for 32 gold pieces
 25782 | Orc:2    | Bought a scroll of identify for 32 gold pieces
 25782 | Orc:2    | Bought a scroll of identify for 32 gold pieces
 25784 | Orc:2    | Bought a scroll of holy word for 105 gold pieces
 25784 | Orc:2    | Bought a potion of curing for 42 gold pieces
 25784 | Orc:2    | Bought a scroll of teleportation for 42 gold pieces
 25784 | Orc:2    | Bought a ration for 70 gold pieces
 25978 | Orc:2    | Found a staircase to the Elven Halls.
 26138 | Orc:2    | Found Atudd's General Store.
 26232 | Orc:2    | Reached XP level 17. HP: 104/104 MP: 20/32
 26375 | Orc:2    | Bought a ration for 55 gold pieces
 26375 | Orc:2    | Bought a scroll of enchant weapon for 82 gold pieces
 26808 | D:15     | Entered Level 15 of the Dungeon
 26872 | D:15     | Found a bloodstained altar of Trog.
 26906 | D:15     | Noticed Nessos
 26920 | D:15     | Killed Nessos
 27124 | D:15     | Found a transporter.
 27183 | D:15     | Offered knowledge of Poison Arrow by Vehumet.
 27184 | D:15     | Noticed Azrael
 27186 | D:15     | Killed Azrael
 27448 | D:15     | Found a staircase to the Depths.
 27524 | D:15     | Reached skill level 10 in Fire Magic
 27629 | D:15     | Identified the +2 robe "Fota" {rF+ rC- Str+2} (You found it
                  | on level 15 of the Dungeon)
 27645 | D:15     | Found a glowing golden altar of the Shining One.
 27787 | D:15     | Noticed xsansara's ghost (journeyman HOBe)
 27789 | D:15     | Found a transporter.
 27791 | D:15     | Identified the cursed +2 great mace "Yhoace" {freeze, rC+
                  | MR+}
 27826 | D:15     | Killed xsansara's ghost
 28258 | Elf:1    | Entered Level 1 of the Elven Halls
 29948 | Elf:1    | Noticed an Executioner
 30200 | Elf:1    | You are sucked into a shaft!
 30219 | Elf:2    | Reached XP level 18. HP: 100/112 MP: 30/33
 30275 | Elf:2    | Found Ytiqyu Tusi's Armour Emporium.
 30319 | Elf:2    | Found a magical portal.
 30328 | WizLab   | Entered Lehudib's Moon Base
 30794 | WizLab   | Found a transporter.
 31282 | WizLab   | HP: 5/112 [stone giant/large rock (7)]
 31619 | WizLab   | Gained mutation: Your magical capacity is low. (-10% MP) [a
                  | neqoxec]
 32108 | WizLab   | Gained mutation: You often lose your temper in combat. [a
                  | cacodemon]
 32109 | WizLab   | Reached ****** piety under Vehumet
 32216 | WizLab   | Lost mutation: Your magical capacity is low. (-10% MP)
                  | [potion of mutation]
 32216 | WizLab   | Lost mutation: Your flesh is heat resistant. (rF+) [potion
                  | of mutation]
 32216 | WizLab   | Lost mutation: You tend to lose your temper in combat.
                  | [potion of mutation]
 32216 | WizLab   | Gained mutation: You are somewhat resistant to further
                  | mutation. [potion of mutation]
 32352 | WizLab   | Offered knowledge of Iron Shot by Vehumet.
 32368 | WizLab   | Learned a level 6 spell: Iron Shot
 32655 | WizLab   | Reached skill level 15 in Earth Magic
 32808 | WizLab   | Got a warped garnet amulet
 32809 | WizLab   | Identified the amulet "Baithevy" {Spirit rF+ rN+} (You
                  | found it in a wizard's laboratory)
 33591 | WizLab   | Reached skill level 10 in Dodging
 33704 | WizLab   | Found a transporter.
 34049 | WizLab   | Noticed a moon troll
 34063 | WizLab   | Killed a moon troll
 34406 | WizLab   | Identified Lehudib's Reference Book on the Shifting Rocks
 35276 | Elf:2    | Reached XP level 19. HP: 118/118 MP: 28/35
 35392 | Elf:2    | Found a huge runed translucent gate.
 35398 | Elf:2    | Found a huge runed translucent gate.
 35399 | Elf:2    | Found a huge runed translucent gate.
 35400 | Elf:2    | Found a huge runed translucent gate.
 35401 | Elf:2    | Found a huge runed translucent gate.
 35578 | Elf:3    | Entered Level 3 of the Elven Halls
 35578 | Elf:3    | Found a flickering gateway to a bazaar.
 35599 | Bazaar   | Entered a bazaar
 35599 | Bazaar   | Found Wog Vino's Antique Armour Shoppe.
 35599 | Bazaar   | Found Nimunem's Gadget Emporium.
 35599 | Bazaar   | Found Agifyfin's Armour Emporium.
 35599 | Bazaar   | Found Ethoakh's Food Shoppe.
 35623 | Bazaar   | Bought a glowing robe for 103 gold pieces
 35634 | Bazaar   | Bought a ration for 50 gold pieces
 35634 | Bazaar   | Bought a ration for 50 gold pieces
 35634 | Bazaar   | Bought a ration for 50 gold pieces
 35634 | Bazaar   | Bought a ration for 50 gold pieces
 35634 | Bazaar   | Bought a ration for 50 gold pieces
 35634 | Bazaar   | Bought a ration for 50 gold pieces
 35634 | Bazaar   | Bought a ration for 50 gold pieces
 35634 | Bazaar   | Bought a ration for 50 gold pieces
 36776 | Spider:1 | Entered Level 1 of the Spider Nest
 36869 | Spider:1 | Offered knowledge of Spellforged Servitor by Vehumet.
 38251 | Spider:2 | You are sucked into a shaft!
 38599 | Spider:3 | Offered knowledge of Fire Storm by Vehumet.
 38599 | Spider:3 | Offered knowledge of Glaciate by Vehumet.
 38599 | Spider:3 | Offered knowledge of Chain Lightning by Vehumet.
 40425 | Spider:4 | Entered Level 4 of the Spider Nest
 40995 | Spider:4 | Reached XP level 20. HP: 98/124 MP: 36/36
 41263 | D:13     | Bought the +2 morningstar of Tenacity {crush, Dex+7 SInv}
                  | for 586 gold pieces
 41905 | Spider:4 | Learned a level 8 spell: Ignition
 41968 | Spider:4 | Got a gossamer rune of Zot
 42210 | Shoals:1 | Entered Level 1 of the Shoals
 43256 | Shoals:2 | Found Adylif's Armour Shoppe.
 43326 | Shoals:2 | Noticed Louise
 43333 | Shoals:2 | Killed Louise
 45751 | Shoals:4 | Entered Level 4 of the Shoals
 45786 | Shoals:4 | Noticed Aizul
 45819 | Shoals:4 | Found a frozen archway.
 45824 | IceCv    | Entered an ice cave
 46003 | IceCv    | Identified the +1 robe of the Cast Vote {*Corrode rC++ rN+
                  | SInv} (You found it in an ice cave)
 46294 | IceCv    | Reached XP level 21. HP: 132/132 MP: 37/38
 46659 | Shoals:4 | Reached skill level 15 in Conjurations
 47028 | Shoals:4 | Killed Aizul
 47143 | Shoals:4 | Identified the Catalogue of Ice and the Oath
 47166 | Shoals:4 | Reached skill level 15 in Fire Magic
 47682 | Shoals:4 | Got a barnacled rune of Zot
 47687 | Shoals:4 | Identified Vupheug's Volume of Supportive Ice
 48401 | Vaults:1 | Entered Level 1 of the Vaults
 48819 | D:14     | Upgraded the game from 0.24-a0-278-gefa197325e to
                  | 0.24-a0-335-g06ca16af6c
 49350 | Vaults:1 | Noticed Nikola
 49359 | Vaults:1 | Killed Nikola
 49710 | Vaults:1 | Found a portal to a secret trove of treasure.
 50578 | Vaults:2 | Found Tehu's Antique Armour Shop.
 50868 | Vaults:2 | Identified the cursed +3 dagger "Yssono" {venom, +Rage
                  | Dex+2}
 50871 | Vaults:2 | Reached XP level 22. HP: 130/138 MP: 39/39
 50977 | Vaults:2 | Found Doiph's Antique Armour Boutique.
 50985 | Vaults:2 | Bought a pair of glowing boots for 232 gold pieces
 50995 | Vaults:2 | Identified a +2 pair of boots of running (You bought it in
                  | a shop on level 2 of the Vaults)
 51097 | Vaults:2 | Found a runed translucent door.
 51097 | Vaults:2 | Found a shimmering altar of Xom.
 51097 | Vaults:2 | Noticed Sudaz's ghost (veteran MiGl)
 51097 | Vaults:2 | Identified the +1 quarterstaff of Fedhas's Condemnation
                  | {chaos, rC+ MR+ SInv}
 51571 | Vaults:2 | Identified the +5 short sword of Desperation {holy, Int+3}
 51656 | Vaults:2 | Found Emomuv's Distillery.
 51670 | Vaults:2 | Bought a potion of invisibility for 120 gold pieces
 51670 | Vaults:2 | Bought a potion of curing for 45 gold pieces
 51670 | Vaults:2 | Bought a potion of might for 60 gold pieces
 51670 | Vaults:2 | Bought a potion of curing for 45 gold pieces
 51670 | Vaults:2 | Bought a potion of curing for 45 gold pieces
 51670 | Vaults:2 | Bought a potion of invisibility for 120 gold pieces
 52187 | Vaults:2 | Killed Sudaz's ghost
 53016 | Vaults:3 | Found a staircase to the Crypt.
 53258 | Vaults:3 | Identified the cursed +1 arbalest "Eracwyxo" {freeze,
                  | Int+4}
 53344 | Vaults:3 | Reached skill level 15 in Fighting
 53983 | Elf:3    | Found a runed translucent gate.
 53989 | Elf:3    | Found a runed translucent gate.
 53989 | Elf:3    | Found a runed translucent gate.
 53989 | Elf:3    | Noticed Armakuni's ghost (adept HuMo)
 53991 | Elf:3    | Identified the +8 great mace "Rin Bau" {vamp, rPois Str+4
                  | Int+4 Stlth+}
 54189 | Elf:3    | Found Vooq's Jewellery Boutique.
 54190 | Elf:3    | Found Pedghyse's Gadget Emporium.
 54190 | Elf:3    | Found Pohy's Gadget Emporium.
 54198 | Elf:3    | Bought an uncursed amulet of the gourmand for 420 gold
                  | pieces
 54198 | Elf:3    | Bought a +5 ring of intelligence for 576 gold pieces
 54607 | Elf:3    | Noticed Roxanne
 54611 | Elf:3    | Killed Roxanne
 54726 | Elf:3    | Reached XP level 23. HP: 123/144 MP: 37/41
 54787 | Elf:3    | Identified the +5 dire flail "Korun" {speed, rElec Str+5}
 55282 | Elf:3    | Got a heavily runed silver amulet
 55283 | Elf:3    | Identified the amulet of Edoel {Faith Int+4} (You found it
                  | on level 3 of the Elven Halls)
 55594 | Elf:3    | Found a runed translucent gate.
 55595 | Elf:3    | Found a runed translucent gate.
 55596 | Elf:3    | Found a runed translucent gate.
 55875 | Elf:3    | Found Vooq's Jewellery Boutique.
 55876 | Elf:3    | Found Pedghyse's Gadget Emporium.
 55876 | Elf:3    | Found Pohy's Gadget Emporium.
 56030 | Elf:3    | Killed Armakuni's ghost
 57600 | Vaults:4 | Identified the amulet of Teavutec {RegenMP Int+7}
 58979 | Vaults:4 | Identified the Disquisition on Displaced Damage Dealing
 60121 | Vaults:5 | Entered Level 5 of the Vaults
 60122 | Vaults:5 | Reached skill level 1 in Shields
 60131 | Vaults:5 | Reached XP level 24. HP: 149/152 MP: 10/41
 60292 | Vaults:4 | Learned a level 9 spell: Shatter
 60421 | Vaults:5 | Reached skill level 15 in Spellcasting
 60619 | Vaults:5 | Noticed an ancient lich
 60621 | Vaults:5 | Killed an ancient lich
 60631 | Vaults:5 | Reached skill level 5 in Shields
 61403 | Vaults:5 | Reached XP level 25. HP: 160/160 MP: 42/42
 61430 | Vaults:5 | Identified the ring of the Heron {+Fly rPois rF+ rC- SInv}
 62341 | Vaults:5 | Got a silver rune of Zot
 62543 | Vaults:5 | Noticed an ancient lich
 62548 | Vaults:5 | Killed an ancient lich
 63211 | Depths:1 | Entered Level 1 of the Depths
 63211 | Depths:1 | Found Zukhaq's Assorted Antiques.
 63226 | Depths:1 | Bought 2 potions of curing for 222 gold pieces
 63245 | Depths:1 | Found a runed translucent gate.
 63245 | Depths:1 | Found a runed translucent gate.
 63245 | Depths:1 | Found a runed translucent gate.
 63249 | Depths:1 | Noticed Itunn's ghost (legendary FoFi)
 63249 | Depths:1 | Noticed Itunn's ghost (legendary FoFi)
 63249 | Depths:1 | Noticed Tytil's ghost (adept DDFi)
 63685 | Depths:1 | Found a gateway to Hell.
 63733 | Depths:1 | Found Cais's Blood Bar.
 63926 | Depths:1 | Paralysed by a great orb of eyes for 6 turns
 64767 | Crypt:1  | Entered Level 1 of the Crypt
 65350 | Crypt:1  | Found an ancient bone altar of Kikubaaqudgha.
 65594 | Crypt:1  | Noticed Rodef's ghost (veteran GrFi)
 65595 | Crypt:1  | Found a runed translucent gate.
 65595 | Crypt:1  | Found a runed translucent gate.
 65616 | Crypt:1  | Found a runed translucent gate.
 65938 | Crypt:1  | Killed Rodef's ghost
 66487 | Crypt:2  | Reached XP level 26. HP: 156/167 MP: 43/43
 66868 | Crypt:2  | Found an ancient bone altar of Kikubaaqudgha.
 67065 | Crypt:3  | Entered Level 3 of the Crypt
 67384 | Crypt:3  | Found a staircase to the Tomb.
 68789 | Crypt:3  | Got a sparkling bone ring
 68790 | Crypt:3  | Identified the ring of Imaog {rPois rN+ MP+9} (You found it
                  | on level 3 of the Crypt)
 68837 | Crypt:3  | Identified the amulet of Bewnanay {Regen+ Str+6 Dex+4}
 68938 | Crypt:3  | Identified the +2 hand crossbow of Bodily Harmony
                  | {velocity, rElec rPois rF- Dex+2}
 68948 | Crypt:3  | Noticed Jory
 68958 | Crypt:3  | Killed Jory
 69008 | Crypt:3  | Identified the ring of the Komtur {rN++ SInv}
 69141 | Crypt:3  | Identified the Papyrus of Evil
 69999 | Depths:2 | Found a one-way gate to the infinite horrors of the Abyss.
 70066 | Depths:2 | You are sucked into a shaft for 2 floors!
 70202 | Depths:4 | Found a runed translucent door.
 70545 | Depths:3 | Found a corrupted altar of Lugonu.
 70548 | Depths:3 | Reached XP level 27. HP: 175/175 MP: 40/43
 71198 | Depths:3 | Noticed a juggernaut
 71208 | Depths:3 | Killed a juggernaut
 71947 | Depths:3 | Found a one-way gate leading to the halls of Pandemonium.
 72304 | Depths:3 | Reached skill level 15 in Dodging
 72590 | Depths:3 | Identified Butwie's Guide on the Lethal Traveller
 73299 | Vaults:1 | You paid a toll of 15 potions of curing to enter a treasure
                  | trove
 73300 | Trove    | Entered a treasure trove
 73308 | Trove    | Got a transparent cloak
 73313 | Trove    | Got a bound ruby amulet
 73322 | Trove    | Got a pair of warped boots
 73324 | Trove    | Got a shimmering ivory ring
 73343 | Trove    | Identified the +1 cloak "Zumotoghid" {MR+ MP-9 Str+2} (You
                  | found it in a treasure trove)
 73357 | Vaults:1 | Identified the +1 pair of boots of the Princeling {-Cast
                  | rElec Str+2 Int+7} (You found it in a treasure trove)
 73359 | Vaults:1 | Identified the amulet "Jiosudwa" {Faith rElec rF+ rC+
                  | Dex+3} (You found it in a treasure trove)
 73360 | Vaults:1 | Identified the ring of Interdependent Arising {rF+ Slay+3}
                  | (You found it in a treasure trove)
 74712 | Depths:4 | Noticed a juggernaut
 74712 | Depths:4 | a titan changed into a juggernaut
 76414 | Depths:4 | Identified Sif Muna's Grimoire of Excruciating Unholy Magic
 76552 | Depths:5 | Entered Level 5 of the Depths
 76566 | Depths:4 | Learned a level 9 spell: Fire Storm
 77571 | Depths:5 | Found a gateway to a ziggurat.
 77807 | Depths:5 | Found a gate to the Realm of Zot.
 78181 | Slime:1  | Entered Level 1 of the Pits of Slime
 78644 | Slime:5  | Entered Level 5 of the Pits of Slime
 78647 | Slime:5  | Gained mutation: You are weak. (Str -2) [a shining eye]
 78844 | Slime:5  | Noticed Donald
 78847 | Slime:5  | Killed Donald
 79095 | Slime:5  | Noticed the Royal Jelly
 79099 | Slime:5  | Killed the Royal Jelly
 79385 | Slime:5  | Got a slimy rune of Zot
 79387 | Slime:5  | Got a scorched tin ring
 79388 | Slime:5  | Identified the ring "Sessit" {rPois rF+ SInv} (You found it
                  | on level 5 of the Pits of Slime)
 79759 | Depths:1 | Learned a level 9 spell: Glaciate
 79905 | Zig:1    | Entered Level 1 of a ziggurat
 79924 | Zig:2    | Entered Level 2 of a ziggurat
 79943 | Zig:3    | Entered Level 3 of a ziggurat
 79948 | Zig:3    | Reached skill level 1 in Ice Magic
 80054 | Zig:3    | Reached skill level 5 in Ice Magic
 80064 | Zig:4    | Entered Level 4 of a ziggurat
 80117 | Zig:5    | Entered Level 5 of a ziggurat
 80368 | Zig:6    | Entered Level 6 of a ziggurat
 80619 | Zig:7    | Entered Level 7 of a ziggurat
 80769 | Zig:8    | Entered Level 8 of a ziggurat
 80777 | Zig:8    | Found the +3 giant club "Skullcrusher" {speed, Str+7}
 80861 | Zig:8    | Identified the +8 dire flail "Fyocs" {holy, Str-4 Int+3
                  | SInv} (You found it on level 8 of a ziggurat)
 80871 | Zig:9    | Entered Level 9 of a ziggurat
 80883 | Zig:9    | Found the +12 glaive of Prune {chop}
 80926 | Zig:10   | Entered Level 10 of a ziggurat
 80932 | Zig:10   | Noticed Vemypt the pandemonium lord
 80933 | Zig:10   | Noticed Peutusud the pandemonium lord
 80937 | Zig:10   | Killed Vemypt the pandemonium lord
 80969 | Zig:10   | Killed Peutusud the pandemonium lord
 81112 | Zig:10   | Identified the Reference Book on Changing and the Frostbite
 81121 | Zig:11   | Entered Level 11 of a ziggurat
 81129 | Zig:11   | Noticed an ancient lich
 81133 | Zig:11   | Killed an ancient lich
 81358 | Zig:11   | Identified Qeyz's Volume of Snow and the Escort
 81364 | Zig:11   | Identified the Catalogue of Fire and Orientation
 81370 | Zig:12   | Entered Level 12 of a ziggurat
 81384 | Zig:12   | Identified the +5 large shield of Dice, Bag, and Bottle
                  | {*Contam rN+ MP+9 Int+4}
 81386 | Zig:12   | Reached skill level 10 in Ice Magic
 81631 | Zig:12   | Identified Sif Muna's Incunabulum of Displacement
 81635 | Zig:12   | Got a brightly glowing glass ring
 81636 | Zig:12   | Identified the ring "Peceschei" {rPois rF+ AC+2} (You found
                  | it on level 12 of a ziggurat)
 81644 | Zig:12   | Identified Anax's Tome of the Rocks and Venom
 81652 | Zig:12   | Identified the Papyrus of Torrid Self-Improvement
 81659 | Zig:13   | Entered Level 13 of a ziggurat
 81674 | Zig:13   | Found the +11 plutonium sword {*Contam Stlth-}
 81778 | Zig:14   | Entered Level 14 of a ziggurat
 81851 | Zig:14   | Got a transparent amber ring
 81852 | Zig:14   | Identified the ring "Ytzaeluil" {MR+ Dex+3} (You found it
                  | on level 14 of a ziggurat)
 81879 | Zig:15   | Entered Level 15 of a ziggurat
 81894 | Zig:15   | Noticed a juggernaut
 81894 | Zig:15   | Noticed a juggernaut
 81894 | Zig:15   | Noticed a juggernaut
 81895 | Zig:15   | Noticed a juggernaut
 81896 | Zig:15   | Noticed a juggernaut
 81896 | Zig:15   | Noticed a juggernaut
 81898 | Zig:15   | Noticed a juggernaut
 81898 | Zig:15   | Killed a juggernaut
 81898 | Zig:15   | Killed a juggernaut
 81899 | Zig:15   | Killed a juggernaut
 81901 | Zig:15   | Killed a juggernaut
 81901 | Zig:15   | Killed a juggernaut
 81901 | Zig:15   | Killed a juggernaut
 81903 | Zig:15   | Killed a juggernaut
 81943 | Zig:15   | Identified the Grimoire of Blistering Poisoning
 81949 | Zig:15   | Got a pitted pewter ring
 81950 | Zig:15   | Identified the ring "Veigat" {+Fly Int+4 SInv Stlth+} (You
                  | found it on level 15 of a ziggurat)
 81973 | Zig:16   | Entered Level 16 of a ziggurat
 81990 | Zig:16   | Found the +15 Maxwell's patent armour {-Cast -Tele rElec
                  | MR+ rCorr}
 82055 | Zig:16   | Identified the Papyrus of Supportive Ignition
 82089 | Zig:17   | Entered Level 17 of a ziggurat
 82108 | Zig:17   | Reached skill level 15 in Ice Magic
 82267 | Zig:17   | Identified the cursed +1 dire flail of Afuth {freeze, rF+}
                  | (You found it on level 17 of a ziggurat)
 82289 | Zig:17   | Identified the +6 morningstar "Qixoes" {crush, Str+3 Int+2
                  | Dex-4} (You found it on level 17 of a ziggurat)
 82296 | Zig:18   | Entered Level 18 of a ziggurat
 82357 | Zig:18   | Identified the Guide on Enchantment and Earth
 82371 | Zig:18   | Got a pitted lead ring
 82372 | Zig:18   | Identified the ring "Pocihyn" {rF+ MR+ Int-4 Dex+2} (You
                  | found it on level 18 of a ziggurat)
 82415 | Zig:19   | Entered Level 19 of a ziggurat
 82430 | Zig:19   | Paralysed by a floating eye for 4 turns
 82548 | Zig:19   | Identified the Tome of the Glacier and the Mountains
 82589 | Zig:19   | Identified the ring "Ilo Sief" {Fire *Drain +Inv rPois
                  | rN++} (You found it on level 19 of a ziggurat)
 82592 | Zig:19   | Identified the ring "Niaten" {rF- rC- Str+9 Stlth-} (You
                  | found it on level 19 of a ziggurat)
 82601 | Zig:20   | Entered Level 20 of a ziggurat
 82767 | Zig:20   | Identified the ring of Departure {rF+ EV+5} (You found it
                  | on level 20 of a ziggurat)
 82891 | Zig:20   | Got a glittering ivory ring
 82892 | Zig:20   | Identified the ring "Woemer" {Fire -Tele +Fly rN+} (You
                  | found it on level 20 of a ziggurat)
 82912 | Zig:20   | Identified the +1 robe "Mosso" {rElec MP+9 Stlth+} (You
                  | found it on level 20 of a ziggurat)
 82917 | Zig:21   | Entered Level 21 of a ziggurat
 83121 | Zig:21   | Identified the +10 eveningstar "Giant's Nightmare" {freeze,
                  | rC+ rN++ Str+4 Int+3} (You found it on level 21 of a
                  | ziggurat)
 83132 | Zig:22   | Entered Level 22 of a ziggurat
 83298 | Zig:22   | Identified the ring "Dih Pot" {Ice rElec rN+ Str+5} (You
                  | found it on level 22 of a ziggurat)
 83315 | Zig:23   | Entered Level 23 of a ziggurat
 83478 | Zig:23   | Found the amulet of Vitality {Regen+ HP+15}
 83489 | Zig:23   | Identified the amulet of the Ego {Harm *Drain rPois Int+3}
                  | (You found it on level 23 of a ziggurat)
 83513 | Zig:23   | Identified the +2 buckler "Unyc" {rF+ MR+ Str+3 SInv} (You
                  | found it on level 23 of a ziggurat)
 83554 | Zig:24   | Entered Level 24 of a ziggurat
 83842 | Zig:24   | Identified the ring "Ishy" {Wiz Str+4} (You found it on
                  | level 24 of a ziggurat)
 83846 | Zig:24   | Identified the amulet of Pefe {Reflect Dex+2 SH+2} (You
                  | found it on level 24 of a ziggurat)
 83848 | Zig:24   | Identified the Compendium of Creative Darkness
 83852 | Zig:24   | Identified Vacam's Compendium of Protection and Toxins
 83893 | Zig:24   | Identified the +3 large shield of Courage {-Tele rC++} (You
                  | found it on level 24 of a ziggurat)
 83896 | Zig:25   | Entered Level 25 of a ziggurat
 83947 | Zig:25   | Learned a level 8 spell: Controlled Blink
 84012 | Zig:25   | Found the +9 staff of Olgreb {rPois}
 84030 | Zig:25   | Identified the ring "Xatanuck" {rElec rC+ Stlth+} (You
                  | found it on level 25 of a ziggurat)
 84051 | Zig:25   | Identified the ring of Memech {rElec rC+} (You found it on
                  | level 25 of a ziggurat)
 84062 | Zig:25   | Identified the Catalogue of Supportive Transmigration
 84068 | Zig:26   | Entered Level 26 of a ziggurat
 84092 | Zig:26   | Reached skill level 5 in Translocations
 84201 | Zig:26   | Found the amulet of the Air {Inacc +Fly rElec EV+5 RMsl}
 84206 | Zig:26   | Identified the cursed +0 cloak of the Merchant {Dex+2} (You
                  | found it on level 26 of a ziggurat)
 84209 | Zig:26   | Identified the +0 pair of gloves of Liggueq {*Slow rElec
                  | Int+4 Dex+2} (You found it on level 26 of a ziggurat)
 84221 | Zig:26   | Identified the Tome of Conjuration
 84227 | Zig:26   | Identified the ring of False Pretenses {*Corrode rF+ MR+
                  | Str+4 Dex+3 SInv} (You found it on level 26 of a ziggurat)
 84262 | Zig:26   | Identified the ring of Duthuzuutt {rPois Int+4 Dex+3} (You
                  | found it on level 26 of a ziggurat)
 84272 | Zig:27   | Entered Level 27 of a ziggurat
 84292 | Zig:27   | Noticed a juggernaut
 84292 | Zig:27   | Noticed a juggernaut
 84292 | Zig:27   | Noticed a juggernaut
 84293 | Zig:27   | Noticed a juggernaut
 84295 | Zig:27   | Killed a juggernaut
 84295 | Zig:27   | Killed a juggernaut
 84295 | Zig:27   | Noticed a juggernaut
 84297 | Zig:27   | Killed a juggernaut
 84298 | Zig:27   | Noticed a juggernaut
 84298 | Zig:27   | Noticed a juggernaut
 84298 | Zig:27   | Noticed a juggernaut
 84300 | Zig:27   | Killed a juggernaut
 84301 | Zig:27   | Noticed a juggernaut
 84301 | Zig:27   | Killed a juggernaut
 84304 | Zig:27   | Killed a juggernaut
 84304 | Zig:27   | Killed a juggernaut
 84304 | Zig:27   | Killed a juggernaut
 84305 | Zig:27   | Killed a juggernaut
 84353 | Zig:27   | Reached skill level 10 in Translocations
 84359 | Zig:27   | Identified the amulet of Due Proportion {Harm *Drain rN+
                  | Int+4} (You found it on level 27 of a ziggurat)
 84370 | Zig:27   | Identified the cursed +0 buckler of Adyilon {*Contam rElec
                  | MR++} (You found it on level 27 of a ziggurat)
 84375 | Zig:27   | Identified the +2 pair of gloves of Heresy {rN++ rCorr
                  | Str-4 SInv} (You found it on level 27 of a ziggurat)
 84390 | Zig:27   | Identified the amulet "Woqoesom" {+Rage rF+ Dex-5 SInv}
                  | (You found it on level 27 of a ziggurat)
 84400 | Zig:27   | Identified the Grimoire of Talismans and Attacks
 84565 | Zig:1    | Entered Level 1 of a ziggurat
 84773 | Zig:2    | Entered Level 2 of a ziggurat
 84977 | Zig:3    | Entered Level 3 of a ziggurat
 85073 | Zig:4    | Entered Level 4 of a ziggurat
 85158 | Zig:4    | Learned a level 8 spell: Necromutation
 85159 | Zig:5    | Entered Level 5 of a ziggurat
 85164 | Zig:5    | Noticed an ancient lich
 85167 | Zig:5    | Killed an ancient lich
 85167 | Zig:5    | Reached skill level 1 in Necromancy
 85320 | Zig:5    | Got a smoking pewter ring
 85321 | Zig:5    | Identified the ring "Coukirph" {Wiz Int+3} (You found it on
                  | level 5 of a ziggurat)
 85334 | Zig:6    | Entered Level 6 of a ziggurat
 85405 | Zig:7    | Entered Level 7 of a ziggurat
 85411 | Zig:7    | Found the +6 arbalest "Damnation" {damnation}
 85449 | Zig:8    | Entered Level 8 of a ziggurat
 85456 | Zig:8    | Found the +8 Wrath of Trog {antimagic, *Rage}
 85578 | Zig:9    | Entered Level 9 of a ziggurat
 85653 | Zig:9    | Reached skill level 5 in Necromancy
 85661 | Zig:10   | Entered Level 10 of a ziggurat
 85843 | Zig:11   | Entered Level 11 of a ziggurat
 85853 | Zig:11   | Found the ring of the Mage {Wiz MR++ Int+3}
 85853 | Zig:11   | Found the +0 Maxwell's etheric cage {RegenMP+ *Contam rElec
                  | MP+4}
 85853 | Zig:11   | Noticed Quott the pandemonium lord
 85858 | Zig:11   | Killed Quott the pandemonium lord
 86031 | Zig:11   | Got a coiled glass ring
 86032 | Zig:11   | Identified the ring "Daurem" {+Inv rElec rPois rF- rN+++}
                  | (You found it on level 11 of a ziggurat)
 86060 | Zig:12   | Entered Level 12 of a ziggurat
 86102 | Zig:12   | Identified the cursed ring of Psychosis {-Tele MR++ Dex-6}
                  | (You found it on level 12 of a ziggurat)
 86114 | Zig:12   | Identified the +1 morningstar of Xamill {drain, +Blink
                  | rElec} (You found it on level 12 of a ziggurat)
 86122 | Zig:12   | Identified the Papyrus of Lucky Lightness
 86134 | Zig:13   | Entered Level 13 of a ziggurat
 86182 | Zig:13   | Identified the +4 cloak of Context {rN+} (You found it on
                  | level 13 of a ziggurat)
 86199 | Zig:13   | Identified the Volume of Calling
 86206 | Zig:14   | Entered Level 14 of a ziggurat
 86215 | Zig:14   | Noticed an ancient lich
 86217 | Zig:14   | Reached skill level 27 in Spellcasting
 86220 | Zig:14   | Noticed an ancient lich
 86221 | Zig:14   | Killed an ancient lich
 86221 | Zig:14   | Killed an ancient lich
 86221 | Zig:14   | Reached skill level 27 in Fighting
 86223 | Zig:14   | Found the +7 lajatang of Order {silver, rMut}
 86274 | Zig:14   | Identified the +2 robe "Dakiuje" {rElec rF+ MR-} (You found
                  | it on level 14 of a ziggurat)
 86277 | Zig:15   | Entered Level 15 of a ziggurat
 86281 | Zig:15   | Noticed Bitaigg the pandemonium lord
 86282 | Zig:15   | Noticed Huevaufi the pandemonium lord
 86283 | Zig:15   | Noticed Bocobick the pandemonium lord
 86283 | Zig:15   | Noticed Ygoinor the pandemonium lord
 86284 | Zig:15   | Noticed Lown the pandemonium lord
 86284 | Zig:15   | Noticed Cinopral the pandemonium lord
 86289 | Zig:15   | Noticed Cocunetuv the pandemonium lord
 86289 | Zig:15   | Noticed Unyasaemo the pandemonium lord
 86289 | Zig:15   | Noticed Neer the pandemonium lord
 86289 | Zig:15   | Noticed Ciukh the pandemonium lord
 86289 | Zig:15   | Noticed Bavver the pandemonium lord
 86291 | Zig:15   | Noticed Wyorix Jeu the pandemonium lord
 86291 | Zig:15   | Killed Bitaigg the pandemonium lord
 86292 | Zig:15   | Noticed Wyseon the pandemonium lord
 86304 | Zig:16   | Entered Level 16 of a ziggurat
 86339 | Zig:16   | Reached skill level 10 in Necromancy
 86548 | Zig:16   | Identified the Grimoire of Creative Battle Magic
 86573 | Zig:17   | Entered Level 17 of a ziggurat
 86580 | Zig:17   | Reached skill level 15 in Translocations
 86594 | Zig:17   | Found the macabre finger necklace {rN+}
 86756 | Zig:17   | Identified the Handbook of the Aerial Mountains
 86764 | Zig:17   | Identified Neiloxt's Catalogue of Companions
 86788 | Zig:18   | Entered Level 18 of a ziggurat
 86863 | Zig:18   | Found the +8 mithril axe "Arga" {speed, MR+}
 86890 | Zig:18   | Identified the Handbook of Attacks and the Mountains
 86905 | Zig:18   | Got a bound pewter ring
 86906 | Zig:18   | Identified the ring "Fyghifiv" {+Blink rN+ MR+ Stlth-} (You
                  | found it on level 18 of a ziggurat)
 86913 | Zig:18   | Got a faintly glowing jade ring
 86914 | Zig:18   | Identified the ring of Winter {*Tele rF+ Str+2 Int+4} (You
                  | found it on level 18 of a ziggurat)
 86938 | Zig:19   | Entered Level 19 of a ziggurat
 87051 | Zig:19   | Found the +5 robe of Night {Dark MR+ SInv}
 87096 | Zig:19   | Found the +8 glaive of the Guard {elec, +Rage AC+5 SInv}
 87147 | Zig:20   | Entered Level 20 of a ziggurat
 87156 | Zig:20   | Noticed a greater mummy
 87158 | Zig:20   | Noticed a greater mummy
 87158 | Zig:20   | Noticed a greater mummy
 87158 | Zig:20   | Noticed a greater mummy
 87158 | Zig:20   | Noticed a greater mummy
 87160 | Zig:20   | Noticed a greater mummy
 87160 | Zig:20   | Noticed a greater mummy
 87161 | Zig:20   | Noticed a greater mummy
 87162 | Zig:20   | Killed a greater mummy
 87162 | Zig:20   | Reached skill level 15 in Necromancy
 87162 | Zig:20   | Killed a greater mummy
 87162 | Zig:20   | Killed a greater mummy
 87162 | Zig:20   | Noticed a greater mummy
 87162 | Zig:20   | Noticed a greater mummy
 87164 | Zig:20   | Killed a greater mummy
 87164 | Zig:20   | Killed a greater mummy
 87164 | Zig:20   | Noticed a greater mummy
 87165 | Zig:20   | Noticed a greater mummy
 87165 | Zig:20   | Killed a greater mummy
 87166 | Zig:20   | Found the +3 robe of Clouds {+Thunder rCloud rElec}
 87166 | Zig:20   | Found the +2 pair of boots of the Assassin {Detection Stab+
                  | Stlth++}
 87166 | Zig:20   | Killed a greater mummy
 87166 | Zig:20   | Killed a greater mummy
 87168 | Zig:20   | Killed a greater mummy
 87168 | Zig:20   | Killed a greater mummy
 87168 | Zig:20   | Noticed a greater mummy
 87169 | Zig:20   | Killed a greater mummy
 87170 | Zig:20   | Killed a greater mummy
 87170 | Zig:20   | Killed a greater mummy
 87296 | Zig:20   | Got a translucent lead ring
 87297 | Zig:20   | Identified the ring "Cejaukor" {rC+ AC+4} (You found it on
                  | level 20 of a ziggurat)
 87356 | Zig:20   | Identified Petau's Catalogue of the Entrancing Traveller
 87360 | Zig:21   | Entered Level 21 of a ziggurat
 87372 | Zig:21   | Noticed a juggernaut
 87374 | Zig:21   | Killed a juggernaut
 87427 | Zig:21   | Identified Sif Muna's Collected Works on Enthralling Flames
 87452 | Zig:21   | Got a translucent golden amulet
 87453 | Zig:21   | Identified the amulet of Symmetry {*Slow +Rage +Inv MP+9
                  | Dex+6} (You found it on level 21 of a ziggurat)
 87459 | Zig:21   | Got a brightly glowing pewter ring
 87460 | Zig:21   | Identified the ring "Napenk" {rElec MP+9 Slay+2} (You found
                  | it on level 21 of a ziggurat)
 87471 | Zig:22   | Entered Level 22 of a ziggurat
 87480 | Zig:22   | Reached skill level 5 in Transmutations
 87741 | Zig:22   | Identified the +0 buckler of Joy {Str+5} (You found it on
                  | level 22 of a ziggurat)
 87749 | Zig:22   | Identified the Guide on Gliding Talismans
 87786 | Zig:23   | Entered Level 23 of a ziggurat
 87860 | Zig:23   | Identified the Tome of Unstable Arcane Weapons
 87876 | Zig:23   | Identified the ring "Yhodah" {EV+3 Str+3} (You found it on
                  | level 23 of a ziggurat)
 87895 | Zig:23   | Identified the ring "Datu" {Wiz Str+4 Slay+2 Stlth-} (You
                  | found it on level 23 of a ziggurat)
 87905 | Zig:24   | Entered Level 24 of a ziggurat
 88023 | Zig:24   | Identified Sif Muna's Tome of Frigorific Unholy Arts
 88057 | Zig:25   | Entered Level 25 of a ziggurat
 88300 | Zig:25   | Got a faintly glowing brass ring
 88301 | Zig:25   | Identified the ring of Lugonu's Reproof {rPois rF+ Int+6
                  | Stlth-} (You found it on level 25 of a ziggurat)
 88350 | Zig:26   | Entered Level 26 of a ziggurat
 88369 | Zig:26   | Noticed Misiol the pandemonium lord
 88373 | Zig:26   | Killed Misiol the pandemonium lord
 88377 | Zig:26   | Found the +10 zealot's sword {holy, *Rage rN+ EV+3}
 88662 | Zig:26   | Found the +7 Singing Sword {slice, sonic wave}
 88681 | Zig:26   | Identified the Almanac of Displacement
 88700 | Zig:26   | Reached skill level 10 in Evocations
 88710 | Zig:27   | Entered Level 27 of a ziggurat
 88735 | Zig:27   | Found the +0 pair of fencer's gloves {Riposte Dex+3}
 88783 | Zig:27   | Found the ring of the Octopus King
 88837 | Zig:27   | Identified the Grimoire of Self-Improvement
 88843 | Zig:27   | Identified the Papyrus of the Creative Snowflakes
 89142 | Depths:1 | Killed Tytil's ghost
 89144 | Depths:1 | Killed Itunn's ghost
 89144 | Depths:1 | Killed Itunn's ghost
 89245 | Depths:1 | Got a serpentine wooden ring
 89246 | Depths:1 | Identified the ring "Zato" {rElec SInv} (You found it on
                  | level 1 of the Depths)
 89415 | Zot:1    | Entered Level 1 of the Realm of Zot
 90635 | Zot:2    | Noticed an orb of fire
 90645 | Zot:2    | Killed an orb of fire
 91905 | Zot:3    | Found a transporter.
 92657 | Zot:3    | Cast into level 5 of the Abyss (a Zot trap)
 92657 | Abyss:5  | Entered Level 5 of the Abyss
 92657 | Abyss:5  | Entered Level 5 of the Abyss
 92661 | Abyss:5  | Found a corrupted altar of Lugonu.
 92714 | Abyss:5  | Found a corrupted altar of Lugonu.
 92850 | Abyss:5  | Got an abyssal rune of Zot
 92855 | Zot:3    | Escaped the Abyss
 92940 | Zot:3    | Found a transporter.
 93055 | Zot:3    | Got a scintillating ruby amulet
 93056 | Zot:3    | Identified the amulet "Zoneh" {Faith +Inv rPois MR++ Int-5}
                  | (You found it on level 3 of the Realm of Zot)
 93076 | Zot:3    | Got a twitching steel ring
 93077 | Zot:3    | Identified the cursed ring "Uqeicauw" {AC-3 Dex+7} (You
                  | found it on level 3 of the Realm of Zot)
 93091 | Zot:3    | Got a sparkling lapis lazuli ring
 93092 | Zot:3    | Identified the ring of a Hundred Emperors {rC+ MR+ Str+4}
                  | (You found it on level 3 of the Realm of Zot)
 94086 | Zot:5    | Entered Level 5 of the Realm of Zot
 94646 | Zot:5    | Reached skill level 27 in Earth Magic
 94782 | Zot:5    | Noticed an orb of fire
 94784 | Zot:5    | Gained mutation: Your spells are a little easier to cast,
                  | but a little less powerful. [an orb of fire]
 94786 | Zot:5    | Killed an orb of fire
 94949 | Zot:5    | Noticed an ancient lich
 94953 | Zot:5    | Noticed an orb of fire
 94973 | Zot:5    | Noticed an ancient lich
 94973 | Zot:5    | Noticed an ancient lich
 94976 | Zot:5    | Noticed an ancient lich
 94988 | Zot:5    | Killed an ancient lich
 94989 | Zot:5    | Killed an ancient lich
 94989 | Zot:5    | Killed an ancient lich
 94989 | Zot:5    | Noticed an orb of fire
 94994 | Zot:5    | Gained mutation: Your body sometimes deteriorates upon
                  | taking damage. [an orb of fire]
 95250 | Zot:4    | Lost mutation: You are partially covered in large bone
                  | plates. (SH +4) [potion of mutation]
 95250 | Zot:4    | Lost mutation: You are weak. (Str -2) [potion of mutation]
 95250 | Zot:4    | Gained mutation: You have a pair of small horns on your
                  | head. [potion of mutation]
 95250 | Zot:4    | Gained mutation: Your body often deteriorates upon taking
                  | damage. [potion of mutation]
 95251 | Zot:4    | Lost mutation: You have a pair of small horns on your head.
                  | [potion of mutation]
 95251 | Zot:4    | Lost mutation: Your spells are a little easier to cast, but
                  | a little less powerful. [potion of mutation]
 95251 | Zot:4    | Lost mutation: You are covered in fur. (AC +1) [potion of
                  | mutation]
 95252 | Zot:4    | Lost mutation: Your body often deteriorates upon taking
                  | damage. [potion of mutation]
 95252 | Zot:4    | Lost mutation: You are somewhat resistant to further
                  | mutation. [potion of mutation]
 95252 | Zot:4    | Lost mutation: Your body sometimes deteriorates upon taking
                  | damage. [potion of mutation]
 95252 | Zot:4    | Gained mutation: You are partially covered in rugged brown
                  | scales. (AC +1, +3% HP) [potion of mutation]
 95252 | Zot:4    | Gained mutation: Your mind is acute. (Int +2) [potion of
                  | mutation]
 95252 | Zot:4    | Gained mutation: You have a pair of small antennae on your
                  | head. [potion of mutation]
 95259 | Zot:5    | Gained mutation: You are occasionally teleported next to
                  | monsters. [an orb of fire]
 95263 | Zot:5    | Gained mutation: You occasionally shout uncontrollably at
                  | your foes. [an orb of fire]
 95265 | Zot:5    | Killed an orb of fire
 95268 | Zot:5    | Killed an orb of fire
 95415 | Zot:4    | Lost mutation: You have a pair of small antennae on your
                  | head. [potion of mutation]
 95415 | Zot:4    | Lost mutation: You occasionally shout uncontrollably at
                  | your foes. [potion of mutation]
 95415 | Zot:4    | Lost mutation: You are occasionally teleported next to
                  | monsters. [potion of mutation]
 95415 | Zot:4    | Gained mutation: You are resistant to hostile enchantments.
                  | (MR+) [potion of mutation]
 95415 | Zot:4    | Gained mutation: Your natural rate of healing is unusually
                  | fast. [potion of mutation]
 95587 | Zot:5    | Killed an ancient lich
 95935 | Zot:5    | Reached skill level 27 in Fire Magic
 96519 | Zig:1    | Entered Level 1 of a ziggurat
 96575 | Zig:2    | Entered Level 2 of a ziggurat
 96707 | Zig:3    | Entered Level 3 of a ziggurat
 96729 | Zig:4    | Entered Level 4 of a ziggurat
 96771 | Zig:5    | Entered Level 5 of a ziggurat
 96843 | Zig:6    | Entered Level 6 of a ziggurat
 96888 | Zig:7    | Entered Level 7 of a ziggurat
 96893 | Zig:7    | Noticed Xoagitz the pandemonium lord
 96894 | Zig:7    | Reached skill level 27 in Ice Magic
 96899 | Zig:7    | Killed Xoagitz the pandemonium lord
 96989 | Zig:7    | Got a slimy jade ring
 96990 | Zig:7    | Identified the ring of Biwnih {Wiz rF+ MP+9 Dex-2} (You
                  | found it on level 7 of a ziggurat)
 97028 | Zig:7    | Identified Sif Muna's Almanac of Contamination and
                  | Fascination
 97039 | Zig:8    | Entered Level 8 of a ziggurat
 97042 | Zig:8    | Noticed a juggernaut
 97043 | Zig:8    | Noticed a juggernaut
 97044 | Zig:8    | Noticed a juggernaut
 97044 | Zig:8    | Noticed a juggernaut
 97045 | Zig:8    | Noticed a juggernaut
 97048 | Zig:8    | Killed a juggernaut
 97048 | Zig:8    | Killed a juggernaut
 97048 | Zig:8    | Killed a juggernaut
 97049 | Zig:8    | Killed a juggernaut
 97049 | Zig:8    | Killed a juggernaut
 97049 | Zig:8    | Reached skill level 27 in Conjurations
 97082 | Zig:8    | Identified Xaofris's Papyrus of Combat Magic
 97087 | Zig:9    | Entered Level 9 of a ziggurat
 97238 | Zig:9    | Identified the Almanac of Evil Magic and Moulding
 97240 | Zig:9    | Identified the Volume of Assistive Unholy Rituals
 97245 | Zig:10   | Entered Level 10 of a ziggurat
 97365 | Zig:11   | Entered Level 11 of a ziggurat
 97518 | Zig:11   | Got a slimy glass ring
 97519 | Zig:11   | Identified the ring of Zeruem {rF+ MR+ Dex+3} (You found it
                  | on level 11 of a ziggurat)
 97535 | Zig:12   | Entered Level 12 of a ziggurat
 97555 | Zig:12   | Found the +3 robe of Folly {Archmagi, MR-- Int+5}
 97645 | Zig:13   | Entered Level 13 of a ziggurat
 97655 | Zig:13   | Noticed Oxacyur the pandemonium lord
 97659 | Zig:13   | Killed Oxacyur the pandemonium lord
 97770 | Zig:13   | Got a brightly glowing steel ring
 97771 | Zig:13   | Identified the ring "Zugojuot" {+Fly rPois MR+ MP-9 SInv}
                  | (You found it on level 13 of a ziggurat)
 97778 | Zig:14   | Entered Level 14 of a ziggurat
 97922 | Zig:15   | Entered Level 15 of a ziggurat
 97928 | Zig:15   | Noticed a greater mummy
 97929 | Zig:15   | Noticed a greater mummy
 97930 | Zig:15   | Noticed a greater mummy
 97930 | Zig:15   | Noticed a greater mummy
 97930 | Zig:15   | Noticed a greater mummy
 97932 | Zig:15   | Noticed a greater mummy
 97934 | Zig:15   | Killed a greater mummy
 97934 | Zig:15   | Killed a greater mummy
 97934 | Zig:15   | Killed a greater mummy
 97934 | Zig:15   | Noticed an ancient lich
 97935 | Zig:15   | Killed a greater mummy
 97935 | Zig:15   | Killed a greater mummy
 97936 | Zig:15   | Killed a greater mummy
 97937 | Zig:15   | Killed an ancient lich
 97938 | Zig:15   | Noticed a greater mummy
 97939 | Zig:15   | Noticed a greater mummy
 97940 | Zig:15   | Killed a greater mummy
 97940 | Zig:15   | Noticed a greater mummy
 97941 | Zig:15   | Noticed a greater mummy
 97942 | Zig:15   | Noticed a greater mummy
 97943 | Zig:15   | Killed a greater mummy
 97945 | Zig:15   | Killed a greater mummy
 97946 | Zig:15   | Killed a greater mummy
 97946 | Zig:15   | Killed a greater mummy
 98050 | Zig:15   | Got a steaming bone amulet
 98051 | Zig:15   | Identified the amulet "Moizxit" {Gourm rF++ Int-4 Dex+3}
                  | (You found it on level 15 of a ziggurat)
 98057 | Zig:15   | Identified the Incunabulum of Lethal Augmentations
 98068 | Zig:15   | Identified the +1 swamp dragon scales of Polish {-Cast +Inv
                  | rPois rN+++ Stlth-} (You found it on level 15 of a
                  | ziggurat)
 98076 | Zig:16   | Entered Level 16 of a ziggurat
 98093 | Zig:16   | Noticed an ancient lich
 98095 | Zig:16   | Killed an ancient lich
 98265 | Zig:16   | Found the +8 longbow "Zephyr" {speed, Dex+3 SInv}
 98272 | Zig:16   | Identified Sif Muna's Guide on Poison and Evil
 98289 | Zig:16   | Got a coiled lead amulet
 98291 | Zig:16   | Identified the amulet "Peurageedi" {Acrobat rPois MP+9
                  | Str-5} (You found it on level 16 of a ziggurat)
 98328 | Zig:17   | Entered Level 17 of a ziggurat
 98392 | Zig:17   | Got a translucent brass ring
 98393 | Zig:17   | Identified the ring "Afismuck" {+Fly rC+ rN+} (You found it
                  | on level 17 of a ziggurat)
 98401 | Zig:17   | Got an ancient silver amulet
 98402 | Zig:17   | Identified the amulet of Hyseimun {Gourm rN+ Int+4 Stlth-}
                  | (You found it on level 17 of a ziggurat)
 98420 | Zig:17   | Identified the Catalogue of Warped Changing
 98425 | Zig:17   | Identified the Compendium of the Blessed Realm
 98434 | Zig:17   | Got a crude glass ring
 98435 | Zig:17   | Identified the ring of Refo {MR- MP+9 Str+9 Dex+3} (You
                  | found it on level 17 of a ziggurat)
 98439 | Zig:18   | Entered Level 18 of a ziggurat
 98468 | Zig:18   | Found the +8 orange crystal plate armour {Archmagi, Int+3
                  | Clar}
 98506 | Zig:18   | Found the +8 storm bow {elec, penet}
 98523 | Zig:18   | Identified the cursed -6 cloak "Hosir" {Str+2} (You found
                  | it on level 18 of a ziggurat)
 98529 | Zig:18   | Identified the Grimoire of Ghastly Transmutation
 98538 | Zig:18   | Got a brightly glowing gossamer ring
 98539 | Zig:18   | Identified the ring "Uskedd" {rC+ Str+4 Stlth+} (You found
                  | it on level 18 of a ziggurat)
 98573 | Zig:19   | Entered Level 19 of a ziggurat
 98667 | Zig:19   | Got a brightly glowing iron ring
 98668 | Zig:19   | Identified the ring "Coomemi" {EV+4 Int+6} (You found it on
                  | level 19 of a ziggurat)
 98672 | Zig:19   | Got a fine brass ring
 98673 | Zig:19   | Identified the cursed ring of the Insatiable Souls {+Blink
                  | rC+ EV-3 Dex-3} (You found it on level 19 of a ziggurat)
 98691 | Zig:19   | Identified the +1 buckler "Huupaq" {Dex+2} (You found it on
                  | level 19 of a ziggurat)
 98698 | Zig:20   | Entered Level 20 of a ziggurat
 98738 | Zig:20   | Reached skill level 27 in Dodging
 98762 | Zig:20   | Found the +5 robe of Misfortune {*Contam Harm *Corrode
                  | *Drain *Slow EV+5}
 98785 | Zig:20   | Identified Wyips's Catalogue of Creation
 98798 | Zig:20   | Identified Ulliogyl's Papyrus of Mutagenic Lightness
 98839 | Zig:20   | Identified Sif Muna's Volume of Augmentations and the
                  | Mountains
 98844 | Zig:20   | Identified Meir's Handbook of the Lethal Oath
 98851 | Zig:20   | Identified Sif Muna's Almanac of Ashen Confrontation
 98859 | Zig:21   | Entered Level 21 of a ziggurat
 98872 | Zig:21   | Reached skill level 10 in Shields
 98879 | Zig:21   | Reached skill level 15 in Shields
 98917 | Zig:21   | Found the +8 lance "Wyrmbane" {slay drac, rPois rF+ rC+
                  | AC+3}
 98971 | Zig:22   | Entered Level 22 of a ziggurat
 99002 | Zig:22   | Reached skill level 15 in Evocations
 99005 | Zig:22   | Noticed Fumedif the pandemonium lord
 99010 | Zig:22   | Killed Fumedif the pandemonium lord
 99132 | Zig:22   | Got a shimmering amber ring
 99133 | Zig:22   | Identified the ring "Zivaxoph" {MR++ MP+9} (You found it on
                  | level 22 of a ziggurat)
 99162 | Zig:23   | Entered Level 23 of a ziggurat
 99360 | Zig:23   | Identified the cursed +0 shield "Tusu Que" {rC+ Str+3
                  | Int+3} (You found it on level 23 of a ziggurat)
 99376 | Zig:23   | Got a bound tin ring
 99377 | Zig:23   | Identified the ring "Roashruqu" {+Fly Dex+4} (You found it
                  | on level 23 of a ziggurat)
 99380 | Zig:23   | Got a glittering silver ring
 99381 | Zig:23   | Identified the ring of Mutualism {Fire Str+3 Int+3} (You
                  | found it on level 23 of a ziggurat)
 99421 | Zig:24   | Entered Level 24 of a ziggurat
 99451 | Zig:24   | Noticed an ancient lich
 99451 | Zig:24   | Noticed an ancient lich
 99453 | Zig:24   | Noticed an ancient lich
 99453 | Zig:24   | Noticed an ancient lich
 99453 | Zig:24   | Noticed an ancient lich
 99455 | Zig:24   | Killed an ancient lich
 99456 | Zig:24   | Killed an ancient lich
 99456 | Zig:24   | Killed an ancient lich
 99457 | Zig:24   | Noticed an ancient lich
 99458 | Zig:24   | Noticed an ancient lich
 99459 | Zig:24   | Killed an ancient lich
 99459 | Zig:24   | Killed an ancient lich
 99460 | Zig:24   | Killed an ancient lich
 99461 | Zig:24   | Killed an ancient lich
 99626 | Zig:24   | Got a smoking pewter ring
 99627 | Zig:24   | Identified the ring "Pavvej" {+Fly rC- Slay+6} (You found
                  | it on level 24 of a ziggurat)
 99632 | Zig:25   | Entered Level 25 of a ziggurat
 99706 | Zig:25   | Identified the Almanac of Freezing Creation
 99709 | Zig:25   | Got a smoking copper ring
 99710 | Zig:25   | Identified the ring of Liedwan {Wiz Str+4} (You found it on
                  | level 25 of a ziggurat)
 99716 | Zig:25   | Identified Niddeb's Reference Book on Hurtful
                  | Self-Improvement
 99735 | Zig:25   | Got a wavering crystal amulet
 99736 | Zig:25   | Identified the amulet "Zualymi" {Harm *Drain Int+4} (You
                  | found it on level 25 of a ziggurat)
 99761 | Zig:26   | Entered Level 26 of a ziggurat
100072 | Zig:26   | Found the +1 cloak of Starlight {rElec rC+ EV+4 Stlth--}
100073 | Zig:26   | Found the +7 sceptre of Torment {pain, torment}
100074 | Zig:26   | Found the +4 dagger "Morg" {pain, MR+ Int+5}
100080 | Zig:26   | Identified the Almanac of Lightness and the Frostbite
100107 | Zig:26   | Identified the Compendium of Frigorific Protection
100116 | Zig:26   | Got an ancient lead ring
100117 | Zig:26   | Identified the ring of Vatit {rElec rC+ rN+ Int+6 Stlth+}
                  | (You found it on level 26 of a ziggurat)
100122 | Zig:26   | Identified the Handbook of Conjuration
100128 | Zig:27   | Entered Level 27 of a ziggurat
100187 | Zig:27   | Reached skill level 27 in Shields
100343 | Zig:27   | Identified the Catalogue of Scorching Attacks
100467 | Zig:27   | Got a slimy jade ring
100468 | Zig:27   | Identified the ring of Cihyf {+Inv Stlth+} (You found it on
                  | level 27 of a ziggurat)
100483 | Zig:27   | Identified the Reference Book on Dusty Venom
100514 | Zig:27   | Got a scintillating steel amulet
100515 | Zig:27   | Identified the amulet "Paprurch" {Spirit *Slow rC+ Dex+3}
                  | (You found it on level 27 of a ziggurat)
100546 | Zig:1    | Entered Level 1 of a ziggurat
100718 | Zig:1    | Learned a level 8 spell: Discord
100722 | Zig:2    | Entered Level 2 of a ziggurat
100726 | Zig:2    | Reached skill level 1 in Hexes
100875 | Zig:3    | Entered Level 3 of a ziggurat
100924 | Zig:4    | Entered Level 4 of a ziggurat
101013 | Zig:5    | Entered Level 5 of a ziggurat
101017 | Zig:5    | Reached skill level 5 in Hexes
101110 | Zig:6    | Entered Level 6 of a ziggurat
101157 | Zig:6    | Got a smoking granite ring
101158 | Zig:6    | Identified the ring of Botrer {MR+ EV+1 Str+4 Dex+2} (You
                  | found it on level 6 of a ziggurat)
101177 | Zig:7    | Entered Level 7 of a ziggurat
101218 | Zig:8    | Entered Level 8 of a ziggurat
101218 | Zig:8    | Noticed a greater mummy
101220 | Zig:8    | Noticed a greater mummy
101220 | Zig:8    | Noticed a greater mummy
101223 | Zig:8    | Killed a greater mummy
101224 | Zig:8    | Killed a greater mummy
101224 | Zig:8    | Noticed a greater mummy
101225 | Zig:8    | Killed a greater mummy
101227 | Zig:8    | Killed a greater mummy
101317 | Zig:8    | Got an ancient copper ring
101318 | Zig:8    | Identified the ring "Suly" {Fire MR+ SInv} (You found it on
                  | level 8 of a ziggurat)
101322 | Zig:9    | Entered Level 9 of a ziggurat
101330 | Zig:9    | Reached skill level 10 in Armour
101355 | Zig:9    | Got a glittering iron ring
101356 | Zig:9    | Identified the ring of Xarchekyu {Dex+6 Stlth+} (You found
                  | it on level 9 of a ziggurat)
101378 | Zig:9    | Identified the Volume of Warped Good Luck
101387 | Zig:10   | Entered Level 10 of a ziggurat
101397 | Zig:10   | Reached skill level 10 in Hexes
101506 | Zig:11   | Entered Level 11 of a ziggurat
101514 | Zig:11   | Noticed an ancient lich
101515 | Zig:11   | Found the +5 demon whip "Spellbinder" {antimagic, MR+}
101519 | Zig:11   | Killed an ancient lich
101670 | Zig:11   | Got a vibrating copper amulet
101671 | Zig:11   | Identified the amulet of the Falcon {Inacc rPois} (You
                  | found it on level 11 of a ziggurat)
101706 | Zig:12   | Entered Level 12 of a ziggurat
101716 | Zig:12   | Found the amulet of the Four Winds {rN+ MR+++ Clar}
101807 | Zig:12   | Identified Ipniogh's Compendium of the Jolly Nights
101816 | Zig:12   | Identified the Almanac of Dislocated Intoxication
101825 | Zig:13   | Entered Level 13 of a ziggurat
101831 | Zig:13   | Noticed an ancient lich
101832 | Zig:13   | Noticed an ancient lich
101832 | Zig:13   | Noticed an ancient lich
101834 | Zig:13   | Killed an ancient lich
101835 | Zig:13   | Killed an ancient lich
101837 | Zig:13   | Reached skill level 15 in Armour
101838 | Zig:13   | Killed an ancient lich
101894 | Zig:14   | Entered Level 14 of a ziggurat
101907 | Zig:14   | Noticed Ugoucel the pandemonium lord
101912 | Zig:15   | Entered Level 15 of a ziggurat
101933 | Zig:15   | Reached skill level 27 in Evocations
101938 | Zig:15   | Reached skill level 15 in Hexes
102011 | Zig:15   | Identified the Reference Book on the Rocks
102015 | Zig:16   | Entered Level 16 of a ziggurat
102185 | Zig:16   | Found the +10 dark maul {crush}
102201 | Zig:16   | Identified Sif Muna's Disquisition on Torrid Aid
102266 | Zig:17   | Entered Level 17 of a ziggurat
102646 | Zig:18   | Entered Level 18 of a ziggurat
102754 | Zig:18   | Got a fine lapis lazuli ring
102755 | Zig:18   | Identified the ring of Devotion {rC+ rN+ Dex+2 Stlth-} (You
                  | found it on level 18 of a ziggurat)
102765 | Zig:18   | Got a transparent glass ring
102766 | Zig:18   | Identified the ring "Qaetui" {Wiz rC+} (You found it on
                  | level 18 of a ziggurat)
102772 | Zig:18   | Identified the Disquisition on Boosting Transformation
102778 | Zig:18   | Got a shimmering zirconium amulet
102779 | Zig:18   | Identified the amulet of Pobunif {Inacc rElec Str+9 Int-3}
                  | (You found it on level 18 of a ziggurat)
102796 | Zig:19   | Entered Level 19 of a ziggurat
102813 | Zig:19   | Noticed Heojeago the pandemonium lord
102816 | Zig:19   | Killed Heojeago the pandemonium lord
102834 | Zig:19   | Found the +7 pair of quick blades "Gyre" and "Gimble"
                  | {protect}
102942 | Zig:19   | Identified Sif Muna's Volume of Conjuration and Beguiling
102948 | Zig:19   | Got a flickering amethyst amulet
102949 | Zig:19   | Identified the amulet "Voeschase" {Inacc rN+ Dex+4} (You
                  | found it on level 19 of a ziggurat)
102954 | Zig:19   | Identified the Guide on Doomed Good Luck
102961 | Zig:19   | Got a smoking golden ring
102962 | Zig:19   | Identified the ring "Qicifeom" {rPois MR+ MP+9 Dex+3} (You
                  | found it on level 19 of a ziggurat)
102974 | Zig:19   | Got a sparkling golden amulet
102975 | Zig:19   | Identified the amulet "Fum Wees" {Harm *Drain Int+3} (You
                  | found it on level 19 of a ziggurat)
102979 | Zig:20   | Entered Level 20 of a ziggurat
102988 | Zig:20   | Noticed an ancient lich
102991 | Zig:20   | Killed an ancient lich
102991 | Zig:20   | Noticed an ancient lich
102992 | Zig:20   | Noticed an ancient lich
102992 | Zig:20   | Noticed an ancient lich
102993 | Zig:20   | Killed an ancient lich
102994 | Zig:20   | Killed an ancient lich
102995 | Zig:20   | Noticed an ancient lich
102995 | Zig:20   | Killed an ancient lich
102996 | Zig:20   | Noticed an ancient lich
102997 | Zig:20   | Killed an ancient lich
102998 | Zig:20   | Noticed an ancient lich
102999 | Zig:20   | Killed an ancient lich
103000 | Zig:20   | Noticed an ancient lich
103000 | Zig:20   | Noticed an ancient lich
103001 | Zig:20   | Killed an ancient lich
103002 | Zig:20   | Noticed an ancient lich
103002 | Zig:20   | Noticed an ancient lich
103003 | Zig:20   | Killed an ancient lich
103003 | Zig:20   | Killed an ancient lich
103004 | Zig:20   | Killed an ancient lich
103005 | Zig:20   | Killed an ancient lich
103273 | Zig:20   | Found the +2 shield of Resistance {rF+ rC+ MR+}
103285 | Zig:20   | Reached skill level 27 in Armour
103317 | Zig:20   | Reached skill level 10 in Throwing
103336 | Zig:20   | Got a slimy granite ring
103337 | Zig:20   | Identified the ring of Vutu {+Inv rF+ Str+6 SInv} (You
                  | found it on level 20 of a ziggurat)
103343 | Zig:21   | Entered Level 21 of a ziggurat
103369 | Zig:21   | Reached skill level 15 in Throwing
103451 | Zig:21   | Found the +5 scythe "Finisher" {speed, eviscerate}
103453 | Zig:21   | Found the +2 ratskin cloak {+Rats rPois rN+ Str-1 Int-1
                  | Dex+1}
103459 | Zig:21   | Got a heavily runed wooden ring
103460 | Zig:21   | Identified the ring "Gayfren" {MR+ Dex+6} (You found it on
                  | level 21 of a ziggurat)
103480 | Zig:21   | Got a smoking steel ring
103481 | Zig:21   | Identified the ring "Olyos" {*Tele rPois Str+5 Slay+3} (You
                  | found it on level 21 of a ziggurat)
103500 | Zig:22   | Entered Level 22 of a ziggurat
103513 | Zig:22   | Noticed an ancient lich
103513 | Zig:22   | Noticed an ancient lich
103514 | Zig:22   | Noticed an ancient lich
103515 | Zig:22   | Killed an ancient lich
103515 | Zig:22   | Killed an ancient lich
103515 | Zig:22   | Killed an ancient lich
103516 | Zig:22   | Noticed an ancient lich
103518 | Zig:22   | Noticed an ancient lich
103520 | Zig:22   | Noticed an ancient lich
103520 | Zig:22   | Noticed an ancient lich
103521 | Zig:22   | Killed an ancient lich
103522 | Zig:22   | Noticed an ancient lich
103522 | Zig:22   | Killed an ancient lich
103522 | Zig:22   | Killed an ancient lich
103522 | Zig:22   | Killed an ancient lich
103523 | Zig:22   | Killed an ancient lich
103626 | Zig:22   | Got a serpentine graven amulet
103627 | Zig:22   | Identified the amulet of Qaohewn {Inacc rF+ Dex+4} (You
                  | found it on level 22 of a ziggurat)
103647 | Zig:23   | Entered Level 23 of a ziggurat
103656 | Zig:23   | Noticed an ancient lich
103656 | Zig:23   | Noticed an ancient lich
103656 | Zig:23   | Noticed an ancient lich
103656 | Zig:23   | Noticed an ancient lich
103656 | Zig:23   | Noticed an ancient lich
103657 | Zig:23   | Noticed an ancient lich
103657 | Zig:23   | Noticed an ancient lich
103658 | Zig:23   | Noticed an ancient lich
103658 | Zig:23   | Killed an ancient lich
103658 | Zig:23   | Killed an ancient lich
103658 | Zig:23   | Killed an ancient lich
103658 | Zig:23   | Noticed an ancient lich
103658 | Zig:23   | Noticed an ancient lich
103659 | Zig:23   | Killed an ancient lich
103659 | Zig:23   | Killed an ancient lich
103659 | Zig:23   | Killed an ancient lich
103659 | Zig:23   | Killed an ancient lich
103659 | Zig:23   | Killed an ancient lich
103659 | Zig:23   | Killed an ancient lich
103660 | Zig:23   | Killed an ancient lich
103971 | Zig:23   | Got a serpentine turquoise ring
103973 | Zig:23   | Identified the ring "Gyifonoe" {*Slow +Inv rPois rC+ EV+2}
                  | (You found it on level 23 of a ziggurat)
103999 | Zig:23   | Identified the Tome of Black Magic and Good Luck
104012 | Zig:24   | Entered Level 24 of a ziggurat
104023 | Zig:24   | Noticed Ziarchis the pandemonium lord
104040 | Zig:24   | Killed Ziarchis the pandemonium lord
104071 | Zig:24   | Reached skill level 27 in Throwing
104073 | Zig:24   | Reached skill level 5 in Stealth
104076 | Zig:24   | Reached skill level 10 in Stealth
104204 | Zig:24   | Got a fine amber ring
104205 | Zig:24   | Identified the ring of Nihilism {rF+ Str+9 Int+2 Slay-2}
                  | (You found it on level 24 of a ziggurat)
104251 | Zig:25   | Entered Level 25 of a ziggurat
104264 | Zig:25   | Reached skill level 15 in Stealth
104280 | Zig:25   | Found the +3 crown of Dyrovepreva {rElec Int+2 SInv}
104321 | Zig:25   | Identified the Catalogue of Clay
104494 | Zig:26   | Entered Level 26 of a ziggurat
104566 | Zig:26   | Found the +9 sword of Zonguldrok {reap}
104732 | Zig:26   | Identified the Volume of the Rocks and the Voyage
104761 | Zig:26   | Got a clouded ruby amulet
104762 | Zig:26   | Identified the amulet of Hahufy {RegenMP rPois rC+} (You
                  | found it on level 26 of a ziggurat)
104775 | Zig:26   | Identified Sif Muna's Handbook of Slavery
104784 | Zig:27   | Entered Level 27 of a ziggurat
104789 | Zig:27   | Noticed Paavvo the pandemonium lord
104793 | Zig:27   | Noticed Xaukkyig the pandemonium lord
104795 | Zig:27   | Noticed Mudea the pandemonium lord
104795 | Zig:27   | Noticed Miagez the pandemonium lord
104797 | Zig:27   | Noticed Resyst the pandemonium lord
104801 | Zig:27   | Noticed Uholoocw the pandemonium lord
104801 | Zig:27   | Noticed Ena Tics the pandemonium lord
104803 | Zig:27   | Noticed Gikk the pandemonium lord
104803 | Zig:27   | Noticed Feyvugef the pandemonium lord
104804 | Zig:27   | Noticed Rionaob the pandemonium lord
104805 | Zig:27   | Noticed Jikk the pandemonium lord
104805 | Zig:27   | Noticed Letuluc the pandemonium lord
104805 | Zig:27   | Noticed Zaimur the pandemonium lord
104806 | Zig:27   | Killed Xaukkyig the pandemonium lord
104806 | Zig:27   | Noticed Todas the pandemonium lord
104806 | Zig:27   | Noticed Cyvor the pandemonium lord
104807 | Zig:27   | Killed Jikk the pandemonium lord
104807 | Zig:27   | Killed Letuluc the pandemonium lord
104807 | Zig:27   | Noticed Wapp the pandemonium lord
104808 | Zig:27   | Killed Mudea the pandemonium lord
104808 | Zig:27   | Noticed Gaxuadd the pandemonium lord
104809 | Zig:27   | Noticed Jylo the pandemonium lord
104811 | Zig:27   | Killed Paavvo the pandemonium lord
104811 | Zig:27   | Killed Resyst the pandemonium lord
104811 | Zig:27   | Reached skill level 27 in Stealth
104811 | Zig:27   | Killed Ena Tics the pandemonium lord
104812 | Zig:27   | Killed Miagez the pandemonium lord
104812 | Zig:27   | Killed Wapp the pandemonium lord
104812 | Zig:27   | Reached skill level 15 in Maces & Flails
104812 | Zig:27   | Noticed Icsekly the pandemonium lord
104813 | Zig:27   | Killed Gikk the pandemonium lord
104813 | Zig:27   | Killed Cyvor the pandemonium lord
104813 | Zig:27   | Killed Zaimur the pandemonium lord
104813 | Zig:27   | Noticed Peijigua the pandemonium lord
104813 | Zig:27   | Noticed Ihommabo the pandemonium lord
104815 | Zig:27   | Killed Uholoocw the pandemonium lord
104815 | Zig:27   | Killed Feyvugef the pandemonium lord
104815 | Zig:27   | Noticed Oghifiom the pandemonium lord
104815 | Zig:27   | Noticed Neijimni the pandemonium lord
104815 | Zig:27   | Noticed Vats the pandemonium lord
104816 | Zig:27   | Noticed Serrefia the pandemonium lord
104817 | Zig:27   | Killed Gaxuadd the pandemonium lord
104817 | Zig:27   | Killed Oghifiom the pandemonium lord
104817 | Zig:27   | Killed Vats the pandemonium lord
104817 | Zig:27   | Noticed Onephor the pandemonium lord
104817 | Zig:27   | Noticed Vofeguf the pandemonium lord
104817 | Zig:27   | Noticed Goqoenac the pandemonium lord
104818 | Zig:27   | Killed Jylo the pandemonium lord
104818 | Zig:27   | Killed Rionaob the pandemonium lord
104818 | Zig:27   | Killed Todas the pandemonium lord
104819 | Zig:27   | Killed Icsekly the pandemonium lord
104819 | Zig:27   | Noticed Natorgh the pandemonium lord
104820 | Zig:27   | Killed Serrefia the pandemonium lord
104820 | Zig:27   | Noticed Rych the pandemonium lord
104820 | Zig:27   | Noticed Boleil the pandemonium lord
104821 | Zig:27   | Noticed Peohex the pandemonium lord
104822 | Zig:27   | Killed Goqoenac the pandemonium lord
104822 | Zig:27   | Killed Peijigua the pandemonium lord
104822 | Zig:27   | Noticed Fon Nuit the pandemonium lord
104822 | Zig:27   | Noticed Fisetwegg the pandemonium lord
104822 | Zig:27   | Noticed Roeguts the pandemonium lord
104824 | Zig:27   | Killed Ihommabo the pandemonium lord
104824 | Zig:27   | Noticed Podumpor the pandemonium lord
104825 | Zig:27   | Killed Neijimni the pandemonium lord
104825 | Zig:27   | Killed Vofeguf the pandemonium lord
104825 | Zig:27   | Killed Boleil the pandemonium lord
104825 | Zig:27   | Killed Fisetwegg the pandemonium lord
104825 | Zig:27   | Noticed Ketihuh the pandemonium lord
104825 | Zig:27   | Noticed Wuant the pandemonium lord
104825 | Zig:27   | Noticed Yzapno the pandemonium lord
104826 | Zig:27   | Killed Peohex the pandemonium lord
104826 | Zig:27   | Noticed Dataog the pandemonium lord
104827 | Zig:27   | Killed Podumpor the pandemonium lord
104827 | Zig:27   | Noticed Kibiogry the pandemonium lord
104828 | Zig:27   | Noticed Viyfonim the pandemonium lord
104832 | Zig:27   | Killed Rych the pandemonium lord
104833 | Zig:27   | Killed Onephor the pandemonium lord
104833 | Zig:27   | Killed Roeguts the pandemonium lord
104833 | Zig:27   | Noticed Kootegguex the pandemonium lord
104836 | Zig:27   | Killed Yzapno the pandemonium lord
104836 | Zig:27   | Killed Natorgh the pandemonium lord
104839 | Zig:27   | Killed Ketihuh the pandemonium lord
104840 | Zig:27   | Killed Kibiogry the pandemonium lord
104840 | Zig:27   | Killed Viyfonim the pandemonium lord
104840 | Zig:27   | Killed Kootegguex the pandemonium lord
104841 | Zig:27   | Killed Fon Nuit the pandemonium lord
104852 | Zig:27   | Noticed Ilecs the pandemonium lord
104852 | Zig:27   | Noticed Tatur the pandemonium lord
104854 | Zig:27   | Noticed Afioril the pandemonium lord
104857 | Zig:27   | Killed Dataog the pandemonium lord
104861 | Zig:27   | HP: 7/204 [something (32)]
104866 | Zig:27   | HP: 5/204 [apocalypse crab (5)]
104867 | Zig:27   | Killed from afar by Wuant the pandemonium lord

Levels and vault maps discovered:
D:1:      dpeg_arrival_pits, layout_basic, minmay_vboxes
D:2:      layout_basic, uniq_jessica, uniq_natasha
D:3:      layout_rooms, first_ration, nicolae_ru_the_path_less_chosen
D:4:      layout_cave_pools, makhleb_altar_promises_db, minmay_between,
          uniq_purgy
D:5:      layout_loops_ring, nicolae_overflow_hidden_temple
D:6:      layout_basic, elyvilon_altar_5, lemuel_coloured_pillars_altar,
          basic_altar, minmay_shop_mayhem, grunt_decor_one_mirror, uniq_grinder
D:7:      layout_basic, vehumet_statue, xom_confusion_cloud,
          minmay_temple_entry_arrows
D:8:      layout_loops_corners, old_standard_altar, basic_altar
D:9:      layout_rooms, serial_shops, nicolae_shop_overgrown_old_shop,
          uniq_gastronok
D:10:     layout_basic, minmay_lair_entry_grove, kennysheep_generic_room_2
D:11:     layout_gridville, serial_shops, nicolae_shop_trees, grunt_livestock
D:12:     layout_small_grid, orc_0_dummy
D:13:     layout_roguey, serial_shops, shop
D:14:     layout_roguey, erik_vaults_2, minmay_guarded_unrand_variability
D:15:     gammafunk_enter_depths_forms, layout_cave_pools, lemuel_round_altar,
          gammafunk_ghost_smash, basic_altar, uniq_azrael, uniq_nessos
Temple:   nicolae_temple_great_sept
Lair:1:   layout_hall_layers, chequers_serial_rivers_small_b,
          serial_bayou_lagoon_a, beast_lair_carwin_9, lemuel_fruit_tree,
          infiniplex_staircase_pool
Lair:2:   layout_regular_city, elwin_shoals_entry_stream,
          spider_nest_entry_funnel_web
Lair:3:   layout_cave_pods
Lair:4:   layout_misc_corridors, uniq_snorg
Lair:5:   layout_cave_shapes, slime_altar_1
Lair:6:   evilmike_catoblepas_cave, layout_regular_city, tgw_fedhas
Shoals:1: layout_shoals
Shoals:2: layout_shoals, serial_shops, shop_statue, nicolae_shoals_drake_roost,
          uniq_louise
Shoals:3: layout_shoals
Shoals:4: shoals_end_grunt_garden, layout_shoals,
          portal_ice_cave_entry_pillars_four, uniq_aizul
Spider:1: layout_spider_delve
Spider:2: layout_spider_delve, drop_trap, guppyfry_spider_mini_2
Spider:3: layout_chambers
Spider:4: grunt_spider_rune_parallel
Slime:1:  layout_caves
Slime:2:  layout_caves, basic_altar
Slime:3:  layout_caves
Slime:4:  layout_caves
Slime:5:  uniq_donald
Orc:1:    layout_caves, serial_shops, shop, trog_butcher_becter, uniq_josephine,
          uniq_erica
Orc:2:    st_orc_ogre_mass, layout_caves, serial_shops, nicolae_shop_stone
Elf:1:    minmay_elf_arrival_plus, layout_geoelf_diagonals, minivault_28
Elf:2:    layout_rooms, serial_sigils, serial_sigils_hangedman_confine,
          serial_sigils_hangedman_quiver, serial_sigils_hangedman_shear,
          serial_sigils_hangedman_snap, serial_sigils_hangedman_quiver,
          mu_enter_wizlab_5, serial_shops, shop
Elf:3:    elf_hall, layout_gridlike, gammafunk_ghost_split, serial_shops,
          bzr_entry_customers, minmay_shop_grove, grunt_megastairs_2,
          uniq_roxanne
Vaults:1: ontoclasm_vaults_twist, ontoclasm_vaults_ring_large,
          vaults_mumra_hexcomb, hangedman_vaults_variations,
          ontoclasm_vaults_tryst, ontoclasm_vaults_gallery, v_pattern_1,
          hangedman_vaults_corner, vaults_room_door_ring,
          nicolae_vaults_angled_halls, v_alt_pattern_5,
          layout_vaults_maze_snakey, serial_glass,
          nicolae_trove_entry_path_of_doom, uniq_nikola
Vaults:2: ebering_vaults_ghost_xom, vaults_room_pool, v_misc_22,
          hangedman_vaults_maws, vaults_mumra_chevron,
          nicolae_vaults_what_the_h, vaults_room_stairs_pillars,
          vaults_room_door_ring, nicolae_vaults_bisected_slash,
          nicolae_vaults_ring_of_whatevers, ontoclasm_vaults_hangar,
          ontoclasm_vaults_ligature, v_rooms_4, v_misc_15, layout_vaults_ring,
          serial_shops, nicolae_shop_behind_doors, shop,
          nicolae_shop_overgrown_old_shop
Vaults:3: vaults_room_door_ring, vaults_room_fancy_cross, vaults_mumra_hex,
          v_misc_2, ontoclasm_vaults_ring_large, nicolae_vaults_ninety_degrees,
          blue_anna_dwarven_crypt, nicolae_vaults_yaktaur_gun_rack,
          hangedman_vaults_nodes, hangedman_vaults_river_flow,
          grunt_vaults_hallway_short, vaults_mumra_lcd, layout_vaults_omnibox
Vaults:4: nicolae_vaults_shelves_hall, v_pattern_2,
          nicolae_vaults_border_crossing, st_greater_box_4, vaults_dpeg_doors,
          v_misc_24, dpeg_vaults_monster_box, v_misc_9, vaults_room_semicircle,
          nicolae_vaults_shelves_hall, nicolae_vaults_ring_of_whatevers,
          layout_vaults_omnicross
Vaults:5
Crypt:1:  layout_basic, basic_altar, gammafunk_ghost_necromancy
Crypt:2:  layout_rooms, minmay_misc_feat_ornament,
          lemuel_mausoleum_altar_kikubaaqudgha
Crypt:3:  due_elkab, layout_chaotic_city, nicolae_tomb_entry_rubble_hallway,
          st_stairs_11
Depths:1: layout_cave_pools, minmay_misc_feat_tiny, gammafunk_ghost_cemetery,
          serial_shops, shop, hell_entry, drop_trap,
          serial_sigils_hangedman_writhe, chequers_serial_rivers_micro_a,
          guppyfry_shop_blood
Depths:2: kennysheep_cluttered_fort, layout_cave_pools,
          infiniplex_staircase_diamond, hangedman_abyss_entry_splay, hell_entry
Depths:3: kennysheep_four_of_diamonds, layout_small_grid,
          rand_demon_pan_entry_5, abyss_entry_flame_altar, hell_entry,
          kennysheep_decorative_pillar, minmay_door_square
Depths:4: box_level_dp, hell_entry, serial_shops, abyss_entry
Depths:5: evilmike_zot_entry_diamond, layout_cave_pools, enter_ziggurat_b,
          serial_sigils_hangedman_quiver, hell_entry
Zot:1:    grunt_deathspiral_small, layout_cathedral_of_symmetry
Zot:2:    layout_misc_corridors
Zot:3:    gammafunk_dig_for_victory, layout_basic
Zot:4:    layout_gridlike, lemuel_elevator
Zot:5:    layout_concentric_octagons, drop_trap
Zig:27:   ziggurat_pillar_abc, ziggurat_pillar_abc, ziggurat_pillar_abc,
          ziggurat_pillar_abc

Skill      XL: |  1  2  3  4  5  6  7  8  9 10 11 12 13 14 15 16 17 18 19 20 21 22 23 24 25 26 27 |
---------------+----------------------------------------------------------------------------------+-----
Earth Magic    | 4 5 6 7 8 9 10 11 12 13 14 15 16 17 18 19 20 27 | 27.0
Spellcasting   | 3 4 5 6 7 8 9 10 11 12 13 14 15 16 27 | 27.0
Conjurations   | 2 3 5 6 7 8 9 10 11 12 13 14 15 16 27 | 27.0
Fighting       | 1 3 4 6 7 8 10 11 12 13 14 15 16 17 18 27 | 27.0
Armour         | 1 3 4 6 27 | 27.0
Evocations     | 1 2 3 5 6 27 | 27.0
Maces & Flails | 3 4 5 6 8 9 10 11 12 13 14 21 | 21.8
Dodging        | 3 4 5 6 7 8 9 10 11 12 13 14 27 | 27.0
Fire Magic     | 2 6 9 11 12 13 14 15 16 17 18 19 21 27 | 27.0
Shields        | 2 6 7 27 | 27.0
Ice Magic      | 27 | 27.0
Translocations | 17 | 17.5
Necromancy     | 20 | 20.0
Transmutations | 6 |  6.0
Hexes          | 21 | 21.0
Throwing       | 27 | 27.0
Stealth        | 27 | 27.0

Action                   |  1- 3 |  4- 6 |  7- 9 | 10-12 | 13-15 | 16-18 | 19-21 | 22-24 | 25-27 || total
-------------------------+-------+-------+-------+-------+-------+-------+-------+-------+-------++-------
Melee: Club              |    67 |       |       |       |       |       |       |       |       ||    67
       Unarmed           |     1 |       |       |       |       |       |       |       |     5 ||     6
       Mace              |    59 |    90 |    74 |       |       |       |       |       |       ||   223
       Short sword       |       |       |    23 |       |       |       |       |       |       ||    23
       Trident           |       |       |    38 |   341 |   310 |   353 |       |       |       ||  1042
       Demon blade       |       |       |       |    24 |       |       |       |       |       ||    24
       Morningstar       |       |       |       |       |       |   416 |  1771 |   645 |  1237 ||  4069
       Eveningstar       |       |       |       |       |       |       |       |       |   835 ||   835
Throw: Stone             |       |       |       |       |       |     2 |     1 |       |     1 ||     4
 Cast: Sandblast         |    18 |    37 |    92 |   203 |   350 |    64 |    40 |     5 |       ||   809
       Stone Arrow       |       |     2 |     5 |    10 |    24 |    31 |     2 |     2 |     4 ||    80
       Mephitic Cloud    |       |     1 |       |     1 |    14 |     4 |       |       |       ||    20
       Lee's Rapid Decon |       |       |    13 |    33 |    38 |    92 |    49 |    46 |    38 ||   309
       Fireball          |       |       |       |       |     5 |    10 |    26 |       |       ||    41
       Bolt of Fire      |       |       |       |       |     2 |   173 |    92 |    56 |   141 ||   464
       Bolt of Magma     |       |       |       |       |       |    46 |    65 |       |       ||   111
       Irradiate         |       |       |       |       |       |     7 |    41 |       |       ||    48
       Iron Shot         |       |       |       |       |       |    26 |   132 |   113 |   343 ||   614
       Ignition          |       |       |       |       |       |       |    20 |    69 |   235 ||   324
       Shatter           |       |       |       |       |       |       |       |    23 |   476 ||   499
       Glaciate          |       |       |       |       |       |       |       |       |   231 ||   231
       Fire Storm        |       |       |       |       |       |       |       |       |   210 ||   210
       Necromutation     |       |       |       |       |       |       |       |       |     3 ||     3
       Controlled Blink  |       |       |       |       |       |       |       |       |     2 ||     2
       Discord           |       |       |       |       |       |       |       |       |     2 ||     2
 Abil: Fly               |       |       |       |       |     1 |       |       |       |       ||     1
       Evoke Invisibilit |       |       |       |       |       |       |       |       |    14 ||    14
       End Transformatio |       |       |       |       |       |       |       |       |     1 ||     1
Evoke: Wand              |       |       |     8 |    17 |    18 |    21 |    10 |     6 |    16 ||    96
       Lamp of fire      |       |       |       |       |     2 |     3 |     2 |     2 |     2 ||    11
       Phial of floods   |       |       |       |       |       |       |     1 |     2 |       ||     3
       Fan of gales      |       |       |       |       |       |       |     1 |     1 |       ||     2
       Figurine of a zig |       |       |       |       |       |       |       |       |     3 ||     3
       Phantom mirror    |       |       |       |       |       |       |       |       |     2 ||     2
       Box of beasts     |       |       |       |       |       |       |       |       |     1 ||     1
  Use: Scroll            |     6 |     7 |     9 |    20 |     5 |    15 |    23 |    14 |   187 ||   286
       Potion            |     2 |       |     2 |     1 |     2 |    19 |     7 |    11 |   108 ||   152
 Stab: Sleeping          |       |     1 |     3 |     6 |     3 |       |     4 |     2 |     3 ||    22
       Distracted        |       |       |       |     1 |       |       |     1 |       |     2 ||     4
       Confused          |       |       |       |       |     2 |     1 |       |       |     1 ||     4
       Invisible         |       |       |       |       |       |       |       |     8 |     7 ||    15
  Eat: Chunk             |     3 |     5 |    11 |    30 |    30 |    52 |    77 |    84 |   143 ||   435
       Ration            |       |       |     1 |       |     2 |    22 |    17 |     9 |    34 ||    85
Armor: Robe              |    74 |    40 |    85 |   248 |   265 |   384 |    11 |       |       ||  1107
       Skin              |    20 |       |       |       |       |       |       |       |     5 ||    25
       Troll leather arm |       |       |       |       |       |       |  1602 |   330 |  1606 ||  3538
Dodge: Dodged            |   113 |    82 |   124 |   305 |   422 |   575 |  2393 |   467 |  2541 ||  7022
Block: Other             |       |       |    35 |    91 |    94 |   131 |   477 |   102 |   209 ||  1139
       Buckler           |       |       |       |       |       |       |       |       |   753 ||   753
       Rpst.: Demon blade |       |       |       |     3 |       |       |       |       |       ||     3

Table legend:
 A = Non-vault XP
 B = Vault XP
 C = Vault XP percentage of total XP
 D = Non-vault monster count
 E = Vault monster count
 F = Vault count percentage of total count
                 A         B        C        D         E       F
            +---------+---------+-------+---------+---------+-------
      Total | 7866602 | 1091003 |  12.2 |    7577 |    1077 |  12.4
            +---------+---------+-------+---------+---------+-------
        D:1 |      36 |      14 |  28.0 |      24 |       7 |  22.6
        D:2 |     137 |      72 |  34.4 |      24 |       2 |   7.7
        D:3 |     101 |       0 |   0.0 |      27 |       0 |   0.0
        D:4 |     501 |     125 |  20.0 |      20 |       1 |   4.8
        D:5 |     496 |       0 |   0.0 |       9 |       0 |   0.0
        D:6 |     386 |     262 |  40.4 |      17 |       1 |   5.6
        D:7 |     910 |     768 |  45.8 |      16 |      13 |  44.8
        D:8 |    2597 |       0 |   0.0 |      18 |       0 |   0.0
        D:9 |    3904 |    2297 |  37.0 |      40 |       1 |   2.4
       D:10 |    2261 |    2246 |  49.8 |      17 |      16 |  48.5
       D:11 |    4482 |     960 |  17.6 |      31 |       5 |  13.9
       D:12 |    8627 |     600 |   6.5 |      53 |       3 |   5.4
       D:13 |    3596 |       0 |   0.0 |      24 |       0 |   0.0
       D:14 |   12212 |    8400 |  40.8 |      36 |      11 |  23.4
       D:15 |   14711 |   15851 |  51.9 |      36 |      29 |  44.6
     Lair:1 |    2085 |     766 |  26.9 |      14 |       4 |  22.2
     Lair:2 |    4218 |    3082 |  42.2 |      15 |       9 |  37.5
     Lair:3 |    5142 |       0 |   0.0 |      21 |       0 |   0.0
     Lair:4 |    6860 |    1129 |  14.1 |      21 |       1 |   4.5
     Lair:5 |    1692 |       0 |   0.0 |       4 |       0 |   0.0
     Lair:6 |   21174 |   12725 |  37.5 |      51 |      24 |  32.0
   Shoals:1 |   14555 |       0 |   0.0 |      29 |       0 |   0.0
   Shoals:2 |   21636 |    3676 |  14.5 |      41 |      10 |  19.6
   Shoals:3 |   25787 |       0 |   0.0 |      46 |       0 |   0.0
   Shoals:4 |    9225 |   20973 |  69.5 |      21 |      33 |  61.1
   Spider:1 |   11488 |       0 |   0.0 |      33 |       0 |   0.0
   Spider:2 |   19902 |    2012 |   9.2 |      61 |       8 |  11.6
   Spider:3 |   20873 |       0 |   0.0 |      61 |       0 |   0.0
   Spider:4 |   13719 |   27170 |  66.4 |      42 |      57 |  57.6
    Slime:1 |    1679 |       0 |   0.0 |       7 |       0 |   0.0
    Slime:2 |    9940 |       0 |   0.0 |      24 |       0 |   0.0
    Slime:3 |    6822 |       0 |   0.0 |      15 |       0 |   0.0
    Slime:4 |    4793 |       0 |   0.0 |      17 |       0 |   0.0
    Slime:5 |    5347 |   38168 |  87.7 |       9 |      16 |  64.0
      Orc:1 |    4175 |    2295 |  35.5 |      31 |       6 |  16.2
      Orc:2 |    5881 |   20421 |  77.6 |      44 |      44 |  50.0
      Elf:1 |   15612 |   11283 |  42.0 |      28 |      17 |  37.8
      Elf:2 |   11497 |    2685 |  18.9 |      23 |       3 |  11.5
      Elf:3 |   16048 |   52755 |  76.7 |      23 |      44 |  65.7
   Vaults:1 |   28820 |   16501 |  36.4 |      54 |      24 |  30.8
   Vaults:2 |   41890 |   11379 |  21.4 |      75 |      24 |  24.2
   Vaults:3 |   16137 |   16337 |  50.3 |      32 |      24 |  42.9
   Vaults:4 |   25801 |   65584 |  71.8 |      44 |      65 |  59.6
   Vaults:5 |   53245 |  139212 |  72.3 |      63 |      81 |  56.2
    Crypt:1 |   25279 |   10914 |  30.2 |      35 |      13 |  27.1
    Crypt:2 |   37281 |     801 |   2.1 |      53 |      12 |  18.5
    Crypt:3 |   23785 |   41011 |  63.3 |      32 |      65 |  67.0
   Depths:1 |   28867 |   20683 |  41.7 |      31 |       9 |  22.5
   Depths:2 |   35811 |    5596 |  13.5 |      50 |       4 |   7.4
   Depths:3 |   62347 |   28838 |  31.6 |      75 |      18 |  19.4
   Depths:4 |   57291 |   82298 |  59.0 |      63 |      67 |  51.5
   Depths:5 |   49981 |   17157 |  25.6 |      51 |      10 |  16.4
      Zot:1 |   32644 |   39669 |  54.9 |      22 |      24 |  52.2
      Zot:2 |   74546 |       0 |   0.0 |      42 |       0 |   0.0
      Zot:3 |   75039 |   40907 |  35.3 |      48 |      23 |  32.4
      Zot:4 |   56024 |    6162 |   9.9 |      31 |       2 |   6.1
      Zot:5 |   64362 |  155858 |  70.8 |      36 |      41 |  53.2
    Abyss:5 |    7204 |   24272 |  77.1 |      13 |      18 |  58.1
      Zig:1 |   12798 |       0 |   0.0 |      13 |       0 |   0.0
      Zig:2 |   31252 |       0 |   0.0 |      18 |       0 |   0.0
      Zig:3 |   26692 |    2761 |   9.4 |      33 |       4 |  10.8
      Zig:4 |   47414 |       0 |   0.0 |      38 |       0 |   0.0
      Zig:5 |   55747 |       0 |   0.0 |      63 |       0 |   0.0
      Zig:6 |   64379 |       0 |   0.0 |      75 |       0 |   0.0
      Zig:7 |   82562 |       0 |   0.0 |      74 |       0 |   0.0
      Zig:8 |  131761 |       0 |   0.0 |     111 |       0 |   0.0
      Zig:9 |  105266 |    2506 |   2.3 |      97 |       4 |   4.0
     Zig:10 |  116697 |       0 |   0.0 |     122 |       0 |   0.0
     Zig:11 |  183682 |   12218 |   6.2 |     131 |       4 |   3.0
     Zig:12 |  159176 |       0 |   0.0 |     149 |       0 |   0.0
     Zig:13 |  255081 |    2533 |   1.0 |     142 |       4 |   2.7
     Zig:14 |  195648 |       0 |   0.0 |     157 |       0 |   0.0
     Zig:15 |  281752 |       0 |   0.0 |     184 |       0 |   0.0
     Zig:16 |  249686 |    3426 |   1.4 |     207 |       4 |   1.9
     Zig:17 |  256633 |    2285 |   0.9 |     252 |       4 |   1.6
     Zig:18 |  310489 |    2465 |   0.8 |     259 |       4 |   1.5
     Zig:19 |  334008 |    2264 |   0.7 |     351 |       4 |   1.1
     Zig:20 |  464610 |    1165 |   0.3 |     338 |       4 |   1.2
     Zig:21 |  308643 |       0 |   0.0 |     367 |       0 |   0.0
     Zig:22 |  511694 |    2420 |   0.5 |     335 |       4 |   1.2
     Zig:23 |  479211 |       0 |   0.0 |     408 |       0 |   0.0
     Zig:24 |  469212 |      94 |   0.0 |     380 |       2 |   0.5
     Zig:25 |  466346 |    1560 |   0.3 |     444 |       5 |   1.1
     Zig:26 |  525455 |       0 |   0.0 |     476 |       0 |   0.0
     Zig:27 |  627454 |   31392 |   4.8 |     422 |      32 |   7.0
      IceCv |       0 |    9735 | 100.0 |       0 |      52 | 100.0
     WizLab |    1793 |   60265 |  97.1 |       8 |      57 |  87.7
            +---------+---------+-------+---------+---------+-------
